Workbook

Sheet CBS ED 2012
X1: =MIN(X4:X75) -> 6 | Y1: =MIN(Y4:Y75) -> 20
B2: Username | C2: Round | D2: Current Status | E2: Age | F2: UG GPA | G2: GMAT | H2: WE | I2: Primary Industry | J2: MBA Concentration | K2: Submit Date | L2: Review Date | M2: Interview Invite | N2: Interview | O2: Complete | P2: Decision | Q2: Result | R2: Day of the week | S2: Reapplicant? | T2: Days from Submit to Review | U2: Days from Submit to Interview Invite | V2: Days from Interview Invite to Interview | W2: Days from Interview to Complete | X2: Days from Complete to Decision | Y2: Days from Submit to Decision
H3: Years | I3: Current
B4: mbarealestate | C4: ED | D4: =IF((P4>0),"Decision",IF((O4>0),"Complete",IF((N4>0),"Interviewed",IF((M4>0),"Invite",IF((L4>0),"Review","Applied"))))) -> Decision | E4: =IFERROR(VLOOKUP($B4,Data!$B$9:$O$153,MATCH(E$2,Data!$B$9:$O$9,0),0),"") | F4: =IFERROR(VLOOKUP($B4,Data!$B$9:$O$153,MATCH(F$2,Data!$B$9:$O$9,0),0),"") | G4: =IFERROR(VLOOKUP($B4,Data!$B$9:$O$153,MATCH(G$2,Data!$B$9:$O$9,0),0),"") | H4: =IFERROR(VLOOKUP($B4,Data!$B$9:$O$153,MATCH(H$2,Data!$B$9:$O$9,0),0),"") | I4: =IFERROR(VLOOKUP($B4,Data!$B$9:$O$153,MATCH(I$2,Data!$B$9:$O$9,0),0),"") | J4: =IFERROR(VLOOKUP($B4,Data!$B$9:$O$153,MATCH(J$2,Data!$B$9:$O$9,0),0),"") | K4: 40731 | L4: 40744 | M4: 40767 | N4: 40773 | P4: 40777 | Q4: Reject w/ Interview | R4: =IF((P4=""),"",IF((WEEKDAY(P4,2)=1),"Monday",IF((WEEKDAY(P4,2)=2),"Tuesday",IF((WEEKDAY(P4,2)=3),"Wednesday",IF((WEEKDAY(P4,2)=4),"Thursday",IF((WEEKDAY(P4,2)=5),"Friday","Weekend")))))) -> Monday | T4: =IF(OR((L4=""),(K4="")),"",(L4-K4)) -> 13 | U4: =IF(OR((M4=""),(L4="")),"",(M4-L4)) -> 23 | V4: =IF(OR((N4=""),(M4="")),"",(N4-M4)) -> 6 | W4: =IF(OR((O4=""),(N4="")),"",(O4-N4)) | X4: =IF(OR((P4=""),(O4="")),"",(P4-O4)) | Y4: =IF(OR((P4=""),(K4="")),"",(P4-K4)) -> 46
B5: MDF | C5: ED | D5: =IF((P5>0),"Decision",IF((O5>0),"Complete",IF((N5>0),"Interviewed",IF((M5>0),"Invite",IF((L5>0),"Review","Applied"))))) -> Decision | E5: =IFERROR(VLOOKUP($B5,Data!$B$9:$O$153,MATCH(E$2,Data!$B$9:$O$9,0),0),"") | F5: =IFERROR(VLOOKUP($B5,Data!$B$9:$O$153,MATCH(F$2,Data!$B$9:$O$9,0),0),"") | G5: =IFERROR(VLOOKUP($B5,Data!$B$9:$O$153,MATCH(G$2,Data!$B$9:$O$9,0),0),"") | H5: =IFERROR(VLOOKUP($B5,Data!$B$9:$O$153,MATCH(H$2,Data!$B$9:$O$9,0),0),"") | I5: =IFERROR(VLOOKUP($B5,Data!$B$9:$O$153,MATCH(I$2,Data!$B$9:$O$9,0),0),"") | J5: =IFERROR(VLOOKUP($B5,Data!$B$9:$O$153,MATCH(J$2,Data!$B$9:$O$9,0),0),"") | K5: 40740 | L5: 40741 | M5: 40757 | N5: 40779 | O5: 40793 | P5: 40800 | Q5: Admit | R5: =IF((P5=""),"",IF((WEEKDAY(P5,2)=1),"Monday",IF((WEEKDAY(P5,2)=2),"Tuesday",IF((WEEKDAY(P5,2)=3),"Wednesday",IF((WEEKDAY(P5,2)=4),"Thursday",IF((WEEKDAY(P5,2)=5),"Friday","Weekend")))))) -> Wednesday | T5: =IF(OR((L5=""),(K5="")),"",(L5-K5)) -> 1 | U5: =IF(OR((M5=""),(L5="")),"",(M5-L5)) -> 16 | V5: =IF(OR((N5=""),(M5="")),"",(N5-M5)) -> 22 | W5: =IF(OR((O5=""),(N5="")),"",(O5-N5)) -> 14 | X5: =IF(OR((P5=""),(O5="")),"",(P5-O5)) -> 7 | Y5: =IF(OR((P5=""),(K5="")),"",(P5-K5)) -> 60
B6: cunit2k5 | C6: ED | D6: =IF((P6>0),"Decision",IF((O6>0),"Complete",IF((N6>0),"Interviewed",IF((M6>0),"Invite",IF((L6>0),"Review","Applied"))))) -> Decision | E6: =IFERROR(VLOOKUP($B6,Data!$B$9:$O$153,MATCH(E$2,Data!$B$9:$O$9,0),0),"") | F6: =IFERROR(VLOOKUP($B6,Data!$B$9:$O$153,MATCH(F$2,Data!$B$9:$O$9,0),0),"") | G6: =IFERROR(VLOOKUP($B6,Data!$B$9:$O$153,MATCH(G$2,Data!$B$9:$O$9,0),0),"") | H6: =IFERROR(VLOOKUP($B6,Data!$B$9:$O$153,MATCH(H$2,Data!$B$9:$O$9,0),0),"") | I6: =IFERROR(VLOOKUP($B6,Data!$B$9:$O$153,MATCH(I$2,Data!$B$9:$O$9,0),0),"") | J6: =IFERROR(VLOOKUP($B6,Data!$B$9:$O$153,MATCH(J$2,Data!$B$9:$O$9,0),0),"") | K6: 40752 | L6: 40756 | M6: 40767 | N6: 40775 | O6: 40778 | P6: 40812 | Q6: Deferred | R6: =IF((P6=""),"",IF((WEEKDAY(P6,2)=1),"Monday",IF((WEEKDAY(P6,2)=2),"Tuesday",IF((WEEKDAY(P6,2)=3),"Wednesday",IF((WEEKDAY(P6,2)=4),"Thursday",IF((WEEKDAY(P6,2)=5),"Friday","Weekend")))))) -> Monday | T6: =IF(OR((L6=""),(K6="")),"",(L6-K6)) -> 4 | U6: =IF(OR((M6=""),(L6="")),"",(M6-L6)) -> 11 | V6: =IF(OR((N6=""),(M6="")),"",(N6-M6)) -> 8 | W6: =IF(OR((O6=""),(N6="")),"",(O6-N6)) -> 3 | X6: =IF(OR((P6=""),(O6="")),"",(P6-O6)) -> 34 | Y6: =IF(OR((P6=""),(K6="")),"",(P6-K6)) -> 60
B7: Gobias | C7: ED | D7: =IF((P7>0),"Decision",IF((O7>0),"Complete",IF((N7>0),"Interviewed",IF((M7>0),"Invite",IF((L7>0),"Review","Applied"))))) -> Decision | E7: =IFERROR(VLOOKUP($B7,Data!$B$9:$O$153,MATCH(E$2,Data!$B$9:$O$9,0),0),"") | F7: =IFERROR(VLOOKUP($B7,Data!$B$9:$O$153,MATCH(F$2,Data!$B$9:$O$9,0),0),"") | G7: =IFERROR(VLOOKUP($B7,Data!$B$9:$O$153,MATCH(G$2,Data!$B$9:$O$9,0),0),"") | H7: =IFERROR(VLOOKUP($B7,Data!$B$9:$O$153,MATCH(H$2,Data!$B$9:$O$9,0),0),"") | I7: =IFERROR(VLOOKUP($B7,Data!$B$9:$O$153,MATCH(I$2,Data!$B$9:$O$9,0),0),"") | J7: =IFERROR(VLOOKUP($B7,Data!$B$9:$O$153,MATCH(J$2,Data!$B$9:$O$9,0),0),"") | K7: 40757 | O7: 40781 | P7: 40799 | Q7: Admit | R7: =IF((P7=""),"",IF((WEEKDAY(P7,2)=1),"Monday",IF((WEEKDAY(P7,2)=2),"Tuesday",IF((WEEKDAY(P7,2)=3),"Wednesday",IF((WEEKDAY(P7,2)=4),"Thursday",IF((WEEKDAY(P7,2)=5),"Friday","Weekend")))))) -> Tuesday | T7: =IF(OR((L7=""),(K7="")),"",(L7-K7)) | U7: =IF(OR((M7=""),(L7="")),"",(M7-L7)) | V7: =IF(OR((N7=""),(M7="")),"",(N7-M7)) | W7: =IF(OR((O7=""),(N7="")),"",(O7-N7)) | X7: =IF(OR((P7=""),(O7="")),"",(P7-O7)) -> 18 | Y7: =IF(OR((P7=""),(K7="")),"",(P7-K7)) -> 42
B8: phsh2011 | C8: ED | D8: =IF((P8>0),"Decision",IF((O8>0),"Complete",IF((N8>0),"Interviewed",IF((M8>0),"Invite",IF((L8>0),"Review","Applied"))))) -> Decision | E8: =IFERROR(VLOOKUP($B8,Data!$B$9:$O$153,MATCH(E$2,Data!$B$9:$O$9,0),0),"") | F8: =IFERROR(VLOOKUP($B8,Data!$B$9:$O$153,MATCH(F$2,Data!$B$9:$O$9,0),0),"") | G8: =IFERROR(VLOOKUP($B8,Data!$B$9:$O$153,MATCH(G$2,Data!$B$9:$O$9,0),0),"") | H8: =IFERROR(VLOOKUP($B8,Data!$B$9:$O$153,MATCH(H$2,Data!$B$9:$O$9,0),0),"") | I8: =IFERROR(VLOOKUP($B8,Data!$B$9:$O$153,MATCH(I$2,Data!$B$9:$O$9,0),0),"") | J8: =IFERROR(VLOOKUP($B8,Data!$B$9:$O$153,MATCH(J$2,Data!$B$9:$O$9,0),0),"") | K8: 40757 | L8: 40757 | M8: 40763 | N8: 40772 | O8: 40774 | P8: 40792 | Q8: Reject w/ Interview | R8: =IF((P8=""),"",IF((WEEKDAY(P8,2)=1),"Monday",IF((WEEKDAY(P8,2)=2),"Tuesday",IF((WEEKDAY(P8,2)=3),"Wednesday",IF((WEEKDAY(P8,2)=4),"Thursday",IF((WEEKDAY(P8,2)=5),"Friday","Weekend")))))) -> Tuesday | T8: =IF(OR((L8=""),(K8="")),"",(L8-K8)) -> 0 | U8: =IF(OR((M8=""),(L8="")),"",(M8-L8)) -> 6 | V8: =IF(OR((N8=""),(M8="")),"",(N8-M8)) -> 9 | W8: =IF(OR((O8=""),(N8="")),"",(O8-N8)) -> 2 | X8: =IF(OR((P8=""),(O8="")),"",(P8-O8)) -> 18 | Y8: =IF(OR((P8=""),(K8="")),"",(P8-K8)) -> 35
B9: Pagalguy873 | C9: ED | D9: =IF((P9>0),"Decision",IF((O9>0),"Complete",IF((N9>0),"Interviewed",IF((M9>0),"Invite",IF((L9>0),"Review","Applied"))))) -> Decision | E9: =IFERROR(VLOOKUP($B9,Data!$B$9:$O$153,MATCH(E$2,Data!$B$9:$O$9,0),0),"") | F9: =IFERROR(VLOOKUP($B9,Data!$B$9:$O$153,MATCH(F$2,Data!$B$9:$O$9,0),0),"") | G9: =IFERROR(VLOOKUP($B9,Data!$B$9:$O$153,MATCH(G$2,Data!$B$9:$O$9,0),0),"") | H9: =IFERROR(VLOOKUP($B9,Data!$B$9:$O$153,MATCH(H$2,Data!$B$9:$O$9,0),0),"") | I9: =IFERROR(VLOOKUP($B9,Data!$B$9:$O$153,MATCH(I$2,Data!$B$9:$O$9,0),0),"") | J9: =IFERROR(VLOOKUP($B9,Data!$B$9:$O$153,MATCH(J$2,Data!$B$9:$O$9,0),0),"") | K9: 40758 | L9: 40759 | M9: 40764 | N9: 40772 | O9: 40779 | P9: 40799 | Q9: Admit | R9: =IF((P9=""),"",IF((WEEKDAY(P9,2)=1),"Monday",IF((WEEKDAY(P9,2)=2),"Tuesday",IF((WEEKDAY(P9,2)=3),"Wednesday",IF((WEEKDAY(P9,2)=4),"Thursday",IF((WEEKDAY(P9,2)=5),"Friday","Weekend")))))) -> Tuesday | T9: =IF(OR((L9=""),(K9="")),"",(L9-K9)) -> 1 | U9: =IF(OR((M9=""),(L9="")),"",(M9-L9)) -> 5 | V9: =IF(OR((N9=""),(M9="")),"",(N9-M9)) -> 8 | W9: =IF(OR((O9=""),(N9="")),"",(O9-N9)) -> 7 | X9: =IF(OR((P9=""),(O9="")),"",(P9-O9)) -> 20 | Y9: =IF(OR((P9=""),(K9="")),"",(P9-K9)) -> 41
B10: pedrosilva | C10: ED | D10: =IF((P10>0),"Decision",IF((O10>0),"Complete",IF((N10>0),"Interviewed",IF((M10>0),"Invite",IF((L10>0),"Review","Applied"))))) -> Decision | E10: =IFERROR(VLOOKUP($B10,Data!$B$9:$O$153,MATCH(E$2,Data!$B$9:$O$9,0),0),"") | F10: =IFERROR(VLOOKUP($B10,Data!$B$9:$O$153,MATCH(F$2,Data!$B$9:$O$9,0),0),"") | G10: =IFERROR(VLOOKUP($B10,Data!$B$9:$O$153,MATCH(G$2,Data!$B$9:$O$9,0),0),"") | H10: =IFERROR(VLOOKUP($B10,Data!$B$9:$O$153,MATCH(H$2,Data!$B$9:$O$9,0),0),"") | I10: =IFERROR(VLOOKUP($B10,Data!$B$9:$O$153,MATCH(I$2,Data!$B$9:$O$9,0),0),"") | J10: =IFERROR(VLOOKUP($B10,Data!$B$9:$O$153,MATCH(J$2,Data!$B$9:$O$9,0),0),"") | K10: 40759 | L10: 40765 | M10: 40780 | N10: 40792 | O10: 40795 | P10: 40801 | Q10: Reject w/ Interview | R10: =IF((P10=""),"",IF((WEEKDAY(P10,2)=1),"Monday",IF((WEEKDAY(P10,2)=2),"Tuesday",IF((WEEKDAY(P10,2)=3),"Wednesday",IF((WEEKDAY(P10,2)=4),"Thursday",IF((WEEKDAY(P10,2)=5),"Friday","Weekend")))))) -> Thursday | T10: =IF(OR((L10=""),(K10="")),"",(L10-K10)) -> 6 | U10: =IF(OR((M10=""),(L10="")),"",(M10-L10)) -> 15 | V10: =IF(OR((N10=""),(M10="")),"",(N10-M10)) -> 12 | W10: =IF(OR((O10=""),(N10="")),"",(O10-N10)) -> 3 | X10: =IF(OR((P10=""),(O10="")),"",(P10-O10)) -> 6 | Y10: =IF(OR((P10=""),(K10="")),"",(P10-K10)) -> 42
B11: losttraveler | C11: ED | D11: =IF((P11>0),"Decision",IF((O11>0),"Complete",IF((N11>0),"Interviewed",IF((M11>0),"Invite",IF((L11>0),"Review","Applied"))))) -> Decision | E11: =IFERROR(VLOOKUP($B11,Data!$B$9:$O$153,MATCH(E$2,Data!$B$9:$O$9,0),0),"") | F11: =IFERROR(VLOOKUP($B11,Data!$B$9:$O$153,MATCH(F$2,Data!$B$9:$O$9,0),0),"") | G11: =IFERROR(VLOOKUP($B11,Data!$B$9:$O$153,MATCH(G$2,Data!$B$9:$O$9,0),0),"") | H11: =IFERROR(VLOOKUP($B11,Data!$B$9:$O$153,MATCH(H$2,Data!$B$9:$O$9,0),0),"") | I11: =IFERROR(VLOOKUP($B11,Data!$B$9:$O$153,MATCH(I$2,Data!$B$9:$O$9,0),0),"") | J11: =IFERROR(VLOOKUP($B11,Data!$B$9:$O$153,MATCH(J$2,Data!$B$9:$O$9,0),0),"") | K11: 40764 | L11: 40765 | M11: 40770 | N11: 40774 | O11: 40779 | P11: 40800 | Q11: Admit | R11: =IF((P11=""),"",IF((WEEKDAY(P11,2)=1),"Monday",IF((WEEKDAY(P11,2)=2),"Tuesday",IF((WEEKDAY(P11,2)=3),"Wednesday",IF((WEEKDAY(P11,2)=4),"Thursday",IF((WEEKDAY(P11,2)=5),"Friday","Weekend")))))) -> Wednesday | T11: =IF(OR((L11=""),(K11="")),"",(L11-K11)) -> 1 | U11: =IF(OR((M11=""),(L11="")),"",(M11-L11)) -> 5 | V11: =IF(OR((N11=""),(M11="")),"",(N11-M11)) -> 4 | W11: =IF(OR((O11=""),(N11="")),"",(O11-N11)) -> 5 | X11: =IF(OR((P11=""),(O11="")),"",(P11-O11)) -> 21 | Y11: =IF(OR((P11=""),(K11="")),"",(P11-K11)) -> 36
B12: fudgebrownie | C12: ED | D12: =IF((P12>0),"Decision",IF((O12>0),"Complete",IF((N12>0),"Interviewed",IF((M12>0),"Invite",IF((L12>0),"Review","Applied"))))) -> Decision | E12: =IFERROR(VLOOKUP($B12,Data!$B$9:$O$153,MATCH(E$2,Data!$B$9:$O$9,0),0),"") | F12: =IFERROR(VLOOKUP($B12,Data!$B$9:$O$153,MATCH(F$2,Data!$B$9:$O$9,0),0),"") | G12: =IFERROR(VLOOKUP($B12,Data!$B$9:$O$153,MATCH(G$2,Data!$B$9:$O$9,0),0),"") | H12: =IFERROR(VLOOKUP($B12,Data!$B$9:$O$153,MATCH(H$2,Data!$B$9:$O$9,0),0),"") | I12: =IFERROR(VLOOKUP($B12,Data!$B$9:$O$153,MATCH(I$2,Data!$B$9:$O$9,0),0),"") | J12: =IFERROR(VLOOKUP($B12,Data!$B$9:$O$153,MATCH(J$2,Data!$B$9:$O$9,0),0),"") | K12: 40772 | L12: 40773 | M12: 40779 | N12: 40782 | O12: 40784 | P12: 40800 | Q12: Admit | R12: =IF((P12=""),"",IF((WEEKDAY(P12,2)=1),"Monday",IF((WEEKDAY(P12,2)=2),"Tuesday",IF((WEEKDAY(P12,2)=3),"Wednesday",IF((WEEKDAY(P12,2)=4),"Thursday",IF((WEEKDAY(P12,2)=5),"Friday","Weekend")))))) -> Wednesday | T12: =IF(OR((L12=""),(K12="")),"",(L12-K12)) -> 1 | U12: =IF(OR((M12=""),(L12="")),"",(M12-L12)) -> 6 | V12: =IF(OR((N12=""),(M12="")),"",(N12-M12)) -> 3 | W12: =IF(OR((O12=""),(N12="")),"",(O12-N12)) -> 2 | X12: =IF(OR((P12=""),(O12="")),"",(P12-O12)) -> 16 | Y12: =IF(OR((P12=""),(K12="")),"",(P12-K12)) -> 28
B13: trikstr | C13: ED | D13: =IF((P13>0),"Decision",IF((O13>0),"Complete",IF((N13>0),"Interviewed",IF((M13>0),"Invite",IF((L13>0),"Review","Applied"))))) -> Review | E13: =IFERROR(VLOOKUP($B13,Data!$B$9:$O$153,MATCH(E$2,Data!$B$9:$O$9,0),0),"") | F13: =IFERROR(VLOOKUP($B13,Data!$B$9:$O$153,MATCH(F$2,Data!$B$9:$O$9,0),0),"") | G13: =IFERROR(VLOOKUP($B13,Data!$B$9:$O$153,MATCH(G$2,Data!$B$9:$O$9,0),0),"") | H13: =IFERROR(VLOOKUP($B13,Data!$B$9:$O$153,MATCH(H$2,Data!$B$9:$O$9,0),0),"") | I13: =IFERROR(VLOOKUP($B13,Data!$B$9:$O$153,MATCH(I$2,Data!$B$9:$O$9,0),0),"") | J13: =IFERROR(VLOOKUP($B13,Data!$B$9:$O$153,MATCH(J$2,Data!$B$9:$O$9,0),0),"") | K13: 40780 | L13: 40780 | R13: =IF((P13=""),"",IF((WEEKDAY(P13,2)=1),"Monday",IF((WEEKDAY(P13,2)=2),"Tuesday",IF((WEEKDAY(P13,2)=3),"Wednesday",IF((WEEKDAY(P13,2)=4),"Thursday",IF((WEEKDAY(P13,2)=5),"Friday","Weekend")))))) | S13: Y | T13: =IF(OR((L13=""),(K13="")),"",(L13-K13)) -> 0 | U13: =IF(OR((M13=""),(L13="")),"",(M13-L13)) | V13: =IF(OR((N13=""),(M13="")),"",(N13-M13)) | W13: =IF(OR((O13=""),(N13="")),"",(O13-N13)) | X13: =IF(OR((P13=""),(O13="")),"",(P13-O13)) | Y13: =IF(OR((P13=""),(K13="")),"",(P13-K13))
B14: Golfer | C14: ED | D14: =IF((P14>0),"Decision",IF((O14>0),"Complete",IF((N14>0),"Interviewed",IF((M14>0),"Invite",IF((L14>0),"Review","Applied"))))) -> Review | E14: =IFERROR(VLOOKUP($B14,Data!$B$9:$O$153,MATCH(E$2,Data!$B$9:$O$9,0),0),"") -> 25 | F14: =IFERROR(VLOOKUP($B14,Data!$B$9:$O$153,MATCH(F$2,Data!$B$9:$O$9,0),0),"") -> 3.4 | G14: =IFERROR(VLOOKUP($B14,Data!$B$9:$O$153,MATCH(G$2,Data!$B$9:$O$9,0),0),"") -> 680 | H14: =IFERROR(VLOOKUP($B14,Data!$B$9:$O$153,MATCH(H$2,Data!$B$9:$O$9,0),0),"") -> 5 | I14: =IFERROR(VLOOKUP($B14,Data!$B$9:$O$153,MATCH(I$2,Data!$B$9:$O$9,0),0),"") -> Law | J14: =IFERROR(VLOOKUP($B14,Data!$B$9:$O$153,MATCH(J$2,Data!$B$9:$O$9,0),0),"") -> Strategy | K14: 40781 | L14: 40794 | R14: =IF((P14=""),"",IF((WEEKDAY(P14,2)=1),"Monday",IF((WEEKDAY(P14,2)=2),"Tuesday",IF((WEEKDAY(P14,2)=3),"Wednesday",IF((WEEKDAY(P14,2)=4),"Thursday",IF((WEEKDAY(P14,2)=5),"Friday","Weekend")))))) | T14: =IF(OR((L14=""),(K14="")),"",(L14-K14)) -> 13 | U14: =IF(OR((M14=""),(L14="")),"",(M14-L14)) | V14: =IF(OR((N14=""),(M14="")),"",(N14-M14)) | W14: =IF(OR((O14=""),(N14="")),"",(O14-N14)) | X14: =IF(OR((P14=""),(O14="")),"",(P14-O14)) | Y14: =IF(OR((P14=""),(K14="")),"",(P14-K14))
B15: jt9000 | C15: ED | D15: =IF((P15>0),"Decision",IF((O15>0),"Complete",IF((N15>0),"Interviewed",IF((M15>0),"Invite",IF((L15>0),"Review","Applied"))))) -> Decision | E15: =IFERROR(VLOOKUP($B15,Data!$B$9:$O$153,MATCH(E$2,Data!$B$9:$O$9,0),0),"") | F15: =IFERROR(VLOOKUP($B15,Data!$B$9:$O$153,MATCH(F$2,Data!$B$9:$O$9,0),0),"") | G15: =IFERROR(VLOOKUP($B15,Data!$B$9:$O$153,MATCH(G$2,Data!$B$9:$O$9,0),0),"") | H15: =IFERROR(VLOOKUP($B15,Data!$B$9:$O$153,MATCH(H$2,Data!$B$9:$O$9,0),0),"") | I15: =IFERROR(VLOOKUP($B15,Data!$B$9:$O$153,MATCH(I$2,Data!$B$9:$O$9,0),0),"") | J15: =IFERROR(VLOOKUP($B15,Data!$B$9:$O$153,MATCH(J$2,Data!$B$9:$O$9,0),0),"") | K15: 40783 | L15: 40784 | M15: 40787 | N15: 40792 | O15: 40794 | P15: 40807 | Q15: Admit | R15: =IF((P15=""),"",IF((WEEKDAY(P15,2)=1),"Monday",IF((WEEKDAY(P15,2)=2),"Tuesday",IF((WEEKDAY(P15,2)=3),"Wednesday",IF((WEEKDAY(P15,2)=4),"Thursday",IF((WEEKDAY(P15,2)=5),"Friday","Weekend")))))) -> Wednesday | T15: =IF(OR((L15=""),(K15="")),"",(L15-K15)) -> 1 | U15: =IF(OR((M15=""),(L15="")),"",(M15-L15)) -> 3 | V15: =IF(OR((N15=""),(M15="")),"",(N15-M15)) -> 5 | W15: =IF(OR((O15=""),(N15="")),"",(O15-N15)) -> 2 | X15: =IF(OR((P15=""),(O15="")),"",(P15-O15)) -> 13 | Y15: =IF(OR((P15=""),(K15="")),"",(P15-K15)) -> 24
B16: ksk80 | C16: ED | D16: =IF((P16>0),"Decision",IF((O16>0),"Complete",IF((N16>0),"Interviewed",IF((M16>0),"Invite",IF((L16>0),"Review","Applied"))))) -> Decision | E16: =IFERROR(VLOOKUP($B16,Data!$B$9:$O$153,MATCH(E$2,Data!$B$9:$O$9,0),0),"") | F16: =IFERROR(VLOOKUP($B16,Data!$B$9:$O$153,MATCH(F$2,Data!$B$9:$O$9,0),0),"") | G16: =IFERROR(VLOOKUP($B16,Data!$B$9:$O$153,MATCH(G$2,Data!$B$9:$O$9,0),0),"") | H16: =IFERROR(VLOOKUP($B16,Data!$B$9:$O$153,MATCH(H$2,Data!$B$9:$O$9,0),0),"") | I16: =IFERROR(VLOOKUP($B16,Data!$B$9:$O$153,MATCH(I$2,Data!$B$9:$O$9,0),0),"") | J16: =IFERROR(VLOOKUP($B16,Data!$B$9:$O$153,MATCH(J$2,Data!$B$9:$O$9,0),0),"") | K16: 40787 | L16: 40801 | M16: 40815 | N16: 40821 | P16: 40836 | Q16: Deferred | R16: =IF((P16=""),"",IF((WEEKDAY(P16,2)=1),"Monday",IF((WEEKDAY(P16,2)=2),"Tuesday",IF((WEEKDAY(P16,2)=3),"Wednesday",IF((WEEKDAY(P16,2)=4),"Thursday",IF((WEEKDAY(P16,2)=5),"Friday","Weekend")))))) -> Thursday | T16: =IF(OR((L16=""),(K16="")),"",(L16-K16)) -> 14 | U16: =IF(OR((M16=""),(L16="")),"",(M16-L16)) -> 14 | V16: =IF(OR((N16=""),(M16="")),"",(N16-M16)) -> 6 | W16: =IF(OR((O16=""),(N16="")),"",(O16-N16)) | X16: =IF(OR((P16=""),(O16="")),"",(P16-O16)) | Y16: =IF(OR((P16=""),(K16="")),"",(P16-K16)) -> 49
B17: PEanalyst | C17: ED | D17: =IF((P17>0),"Decision",IF((O17>0),"Complete",IF((N17>0),"Interviewed",IF((M17>0),"Invite",IF((L17>0),"Review","Applied"))))) -> Decision | E17: =IFERROR(VLOOKUP($B17,Data!$B$9:$O$153,MATCH(E$2,Data!$B$9:$O$9,0),0),"") | F17: =IFERROR(VLOOKUP($B17,Data!$B$9:$O$153,MATCH(F$2,Data!$B$9:$O$9,0),0),"") | G17: =IFERROR(VLOOKUP($B17,Data!$B$9:$O$153,MATCH(G$2,Data!$B$9:$O$9,0),0),"") | H17: =IFERROR(VLOOKUP($B17,Data!$B$9:$O$153,MATCH(H$2,Data!$B$9:$O$9,0),0),"") | I17: =IFERROR(VLOOKUP($B17,Data!$B$9:$O$153,MATCH(I$2,Data!$B$9:$O$9,0),0),"") | J17: =IFERROR(VLOOKUP($B17,Data!$B$9:$O$153,MATCH(J$2,Data!$B$9:$O$9,0),0),"") | K17: 40788 | L17: 40794 | M17: 40795 | N17: 40810 | O17: 40815 | P17: 40821 | Q17: Admit | R17: =IF((P17=""),"",IF((WEEKDAY(P17,2)=1),"Monday",IF((WEEKDAY(P17,2)=2),"Tuesday",IF((WEEKDAY(P17,2)=3),"Wednesday",IF((WEEKDAY(P17,2)=4),"Thursday",IF((WEEKDAY(P17,2)=5),"Friday","Weekend")))))) -> Wednesday | T17: =IF(OR((L17=""),(K17="")),"",(L17-K17)) -> 6 | U17: =IF(OR((M17=""),(L17="")),"",(M17-L17)) -> 1 | V17: =IF(OR((N17=""),(M17="")),"",(N17-M17)) -> 15 | W17: =IF(OR((O17=""),(N17="")),"",(O17-N17)) -> 5 | X17: =IF(OR((P17=""),(O17="")),"",(P17-O17)) -> 6 | Y17: =IF(OR((P17=""),(K17="")),"",(P17-K17)) -> 33
B18: scuderia | C18: ED | D18: =IF((P18>0),"Decision",IF((O18>0),"Complete",IF((N18>0),"Interviewed",IF((M18>0),"Invite",IF((L18>0),"Review","Applied"))))) -> Decision | E18: =IFERROR(VLOOKUP($B18,Data!$B$9:$O$153,MATCH(E$2,Data!$B$9:$O$9,0),0),"") | F18: =IFERROR(VLOOKUP($B18,Data!$B$9:$O$153,MATCH(F$2,Data!$B$9:$O$9,0),0),"") | G18: =IFERROR(VLOOKUP($B18,Data!$B$9:$O$153,MATCH(G$2,Data!$B$9:$O$9,0),0),"") | H18: =IFERROR(VLOOKUP($B18,Data!$B$9:$O$153,MATCH(H$2,Data!$B$9:$O$9,0),0),"") | I18: =IFERROR(VLOOKUP($B18,Data!$B$9:$O$153,MATCH(I$2,Data!$B$9:$O$9,0),0),"") | J18: =IFERROR(VLOOKUP($B18,Data!$B$9:$O$153,MATCH(J$2,Data!$B$9:$O$9,0),0),"") | K18: 40791 | L18: 40792 | M18: 40809 | N18: 40825 | O18: 40833 | P18: 40841 | Q18: Admit | R18: =IF((P18=""),"",IF((WEEKDAY(P18,2)=1),"Monday",IF((WEEKDAY(P18,2)=2),"Tuesday",IF((WEEKDAY(P18,2)=3),"Wednesday",IF((WEEKDAY(P18,2)=4),"Thursday",IF((WEEKDAY(P18,2)=5),"Friday","Weekend")))))) -> Tuesday | S18: Y | T18: =IF(OR((L18=""),(K18="")),"",(L18-K18)) -> 1 | U18: =IF(OR((M18=""),(L18="")),"",(M18-L18)) -> 17 | V18: =IF(OR((N18=""),(M18="")),"",(N18-M18)) -> 16 | W18: =IF(OR((O18=""),(N18="")),"",(O18-N18)) -> 8 | X18: =IF(OR((P18=""),(O18="")),"",(P18-O18)) -> 8 | Y18: =IF(OR((P18=""),(K18="")),"",(P18-K18)) -> 50
B19: harshkataruka | C19: ED | D19: =IF((P19>0),"Decision",IF((O19>0),"Complete",IF((N19>0),"Interviewed",IF((M19>0),"Invite",IF((L19>0),"Review","Applied"))))) -> Review | E19: =IFERROR(VLOOKUP($B19,Data!$B$9:$O$153,MATCH(E$2,Data!$B$9:$O$9,0),0),"") | F19: =IFERROR(VLOOKUP($B19,Data!$B$9:$O$153,MATCH(F$2,Data!$B$9:$O$9,0),0),"") | G19: =IFERROR(VLOOKUP($B19,Data!$B$9:$O$153,MATCH(G$2,Data!$B$9:$O$9,0),0),"") | H19: =IFERROR(VLOOKUP($B19,Data!$B$9:$O$153,MATCH(H$2,Data!$B$9:$O$9,0),0),"") | I19: =IFERROR(VLOOKUP($B19,Data!$B$9:$O$153,MATCH(I$2,Data!$B$9:$O$9,0),0),"") | J19: =IFERROR(VLOOKUP($B19,Data!$B$9:$O$153,MATCH(J$2,Data!$B$9:$O$9,0),0),"") | K19: 40792 | L19: 40795 | R19: =IF((P19=""),"",IF((WEEKDAY(P19,2)=1),"Monday",IF((WEEKDAY(P19,2)=2),"Tuesday",IF((WEEKDAY(P19,2)=3),"Wednesday",IF((WEEKDAY(P19,2)=4),"Thursday",IF((WEEKDAY(P19,2)=5),"Friday","Weekend")))))) | T19: =IF(OR((L19=""),(K19="")),"",(L19-K19)) -> 3 | U19: =IF(OR((M19=""),(L19="")),"",(M19-L19)) | V19: =IF(OR((N19=""),(M19="")),"",(N19-M19)) | W19: =IF(OR((O19=""),(N19="")),"",(O19-N19)) | X19: =IF(OR((P19=""),(O19="")),"",(P19-O19)) | Y19: =IF(OR((P19=""),(K19="")),"",(P19-K19))
B20: shorttheworld | C20: ED | D20: =IF((P20>0),"Decision",IF((O20>0),"Complete",IF((N20>0),"Interviewed",IF((M20>0),"Invite",IF((L20>0),"Review","Applied"))))) -> Decision | E20: =IFERROR(VLOOKUP($B20,Data!$B$9:$O$153,MATCH(E$2,Data!$B$9:$O$9,0),0),"") | F20: =IFERROR(VLOOKUP($B20,Data!$B$9:$O$153,MATCH(F$2,Data!$B$9:$O$9,0),0),"") | G20: =IFERROR(VLOOKUP($B20,Data!$B$9:$O$153,MATCH(G$2,Data!$B$9:$O$9,0),0),"") | H20: =IFERROR(VLOOKUP($B20,Data!$B$9:$O$153,MATCH(H$2,Data!$B$9:$O$9,0),0),"") | I20: =IFERROR(VLOOKUP($B20,Data!$B$9:$O$153,MATCH(I$2,Data!$B$9:$O$9,0),0),"") | J20: =IFERROR(VLOOKUP($B20,Data!$B$9:$O$153,MATCH(J$2,Data!$B$9:$O$9,0),0),"") | K20: 40794 | L20: 40795 | M20: 40812 | N20: 40823 | O20: 40833 | P20: 40847 | Q20: Reject w/ Interview | R20: =IF((P20=""),"",IF((WEEKDAY(P20,2)=1),"Monday",IF((WEEKDAY(P20,2)=2),"Tuesday",IF((WEEKDAY(P20,2)=3),"Wednesday",IF((WEEKDAY(P20,2)=4),"Thursday",IF((WEEKDAY(P20,2)=5),"Friday","Weekend")))))) -> Monday | S20: Y | T20: =IF(OR((L20=""),(K20="")),"",(L20-K20)) -> 1 | U20: =IF(OR((M20=""),(L20="")),"",(M20-L20)) -> 17 | V20: =IF(OR((N20=""),(M20="")),"",(N20-M20)) -> 11 | W20: =IF(OR((O20=""),(N20="")),"",(O20-N20)) -> 10 | X20: =IF(OR((P20=""),(O20="")),"",(P20-O20)) -> 14 | Y20: =IF(OR((P20=""),(K20="")),"",(P20-K20)) -> 53
B21: mbaer2012 | C21: ED | D21: =IF((P21>0),"Decision",IF((O21>0),"Complete",IF((N21>0),"Interviewed",IF((M21>0),"Invite",IF((L21>0),"Review","Applied"))))) -> Decision | E21: =IFERROR(VLOOKUP($B21,Data!$B$9:$O$153,MATCH(E$2,Data!$B$9:$O$9,0),0),"") | F21: =IFERROR(VLOOKUP($B21,Data!$B$9:$O$153,MATCH(F$2,Data!$B$9:$O$9,0),0),"") | G21: =IFERROR(VLOOKUP($B21,Data!$B$9:$O$153,MATCH(G$2,Data!$B$9:$O$9,0),0),"") | H21: =IFERROR(VLOOKUP($B21,Data!$B$9:$O$153,MATCH(H$2,Data!$B$9:$O$9,0),0),"") | I21: =IFERROR(VLOOKUP($B21,Data!$B$9:$O$153,MATCH(I$2,Data!$B$9:$O$9,0),0),"") | J21: =IFERROR(VLOOKUP($B21,Data!$B$9:$O$153,MATCH(J$2,Data!$B$9:$O$9,0),0),"") | K21: 40796 | L21: 40797 | M21: 40799 | N21: 40808 | O21: 40810 | P21: 40827 | Q21: Admit | R21: =IF((P21=""),"",IF((WEEKDAY(P21,2)=1),"Monday",IF((WEEKDAY(P21,2)=2),"Tuesday",IF((WEEKDAY(P21,2)=3),"Wednesday",IF((WEEKDAY(P21,2)=4),"Thursday",IF((WEEKDAY(P21,2)=5),"Friday","Weekend")))))) -> Tuesday | T21: =IF(OR((L21=""),(K21="")),"",(L21-K21)) -> 1 | U21: =IF(OR((M21=""),(L21="")),"",(M21-L21)) -> 2 | V21: =IF(OR((N21=""),(M21="")),"",(N21-M21)) -> 9 | W21: =IF(OR((O21=""),(N21="")),"",(O21-N21)) -> 2 | X21: =IF(OR((P21=""),(O21="")),"",(P21-O21)) -> 17 | Y21: =IF(OR((P21=""),(K21="")),"",(P21-K21)) -> 31
B22: NoggieViking | C22: ED | D22: =IF((P22>0),"Decision",IF((O22>0),"Complete",IF((N22>0),"Interviewed",IF((M22>0),"Invite",IF((L22>0),"Review","Applied"))))) -> Decision | E22: =IFERROR(VLOOKUP($B22,Data!$B$9:$O$153,MATCH(E$2,Data!$B$9:$O$9,0),0),"") | F22: =IFERROR(VLOOKUP($B22,Data!$B$9:$O$153,MATCH(F$2,Data!$B$9:$O$9,0),0),"") | G22: =IFERROR(VLOOKUP($B22,Data!$B$9:$O$153,MATCH(G$2,Data!$B$9:$O$9,0),0),"") | H22: =IFERROR(VLOOKUP($B22,Data!$B$9:$O$153,MATCH(H$2,Data!$B$9:$O$9,0),0),"") | I22: =IFERROR(VLOOKUP($B22,Data!$B$9:$O$153,MATCH(I$2,Data!$B$9:$O$9,0),0),"") | J22: =IFERROR(VLOOKUP($B22,Data!$B$9:$O$153,MATCH(J$2,Data!$B$9:$O$9,0),0),"") -> International Business | K22: 40798 | L22: 40799 | M22: 40807 | N22: 40810 | O22: 40813 | P22: 40837 | Q22: Admit | R22: =IF((P22=""),"",IF((WEEKDAY(P22,2)=1),"Monday",IF((WEEKDAY(P22,2)=2),"Tuesday",IF((WEEKDAY(P22,2)=3),"Wednesday",IF((WEEKDAY(P22,2)=4),"Thursday",IF((WEEKDAY(P22,2)=5),"Friday","Weekend")))))) -> Friday | T22: =IF(OR((L22=""),(K22="")),"",(L22-K22)) -> 1 | U22: =IF(OR((M22=""),(L22="")),"",(M22-L22)) -> 8 | V22: =IF(OR((N22=""),(M22="")),"",(N22-M22)) -> 3 | W22: =IF(OR((O22=""),(N22="")),"",(O22-N22)) -> 3 | X22: =IF(OR((P22=""),(O22="")),"",(P22-O22)) -> 24 | Y22: =IF(OR((P22=""),(K22="")),"",(P22-K22)) -> 39
B23: str1der | C23: ED | D23: =IF((P23>0),"Decision",IF((O23>0),"Complete",IF((N23>0),"Interviewed",IF((M23>0),"Invite",IF((L23>0),"Review","Applied"))))) -> Decision | E23: =IFERROR(VLOOKUP($B23,Data!$B$9:$O$153,MATCH(E$2,Data!$B$9:$O$9,0),0),"") | F23: =IFERROR(VLOOKUP($B23,Data!$B$9:$O$153,MATCH(F$2,Data!$B$9:$O$9,0),0),"") | G23: =IFERROR(VLOOKUP($B23,Data!$B$9:$O$153,MATCH(G$2,Data!$B$9:$O$9,0),0),"") | H23: =IFERROR(VLOOKUP($B23,Data!$B$9:$O$153,MATCH(H$2,Data!$B$9:$O$9,0),0),"") | I23: =IFERROR(VLOOKUP($B23,Data!$B$9:$O$153,MATCH(I$2,Data!$B$9:$O$9,0),0),"") | J23: =IFERROR(VLOOKUP($B23,Data!$B$9:$O$153,MATCH(J$2,Data!$B$9:$O$9,0),0),"") | K23: 40798 | P23: 40828 | Q23: Reject w/o Interview | R23: =IF((P23=""),"",IF((WEEKDAY(P23,2)=1),"Monday",IF((WEEKDAY(P23,2)=2),"Tuesday",IF((WEEKDAY(P23,2)=3),"Wednesday",IF((WEEKDAY(P23,2)=4),"Thursday",IF((WEEKDAY(P23,2)=5),"Friday","Weekend")))))) -> Wednesday | T23: =IF(OR((L23=""),(K23="")),"",(L23-K23)) | U23: =IF(OR((M23=""),(L23="")),"",(M23-L23)) | V23: =IF(OR((N23=""),(M23="")),"",(N23-M23)) | W23: =IF(OR((O23=""),(N23="")),"",(O23-N23)) | X23: =IF(OR((P23=""),(O23="")),"",(P23-O23)) | Y23: =IF(OR((P23=""),(K23="")),"",(P23-K23)) -> 30
B24: myturn2012 | C24: ED | D24: =IF((P24>0),"Decision",IF((O24>0),"Complete",IF((N24>0),"Interviewed",IF((M24>0),"Invite",IF((L24>0),"Review","Applied"))))) -> Decision | E24: =IFERROR(VLOOKUP($B24,Data!$B$9:$O$153,MATCH(E$2,Data!$B$9:$O$9,0),0),"") | F24: =IFERROR(VLOOKUP($B24,Data!$B$9:$O$153,MATCH(F$2,Data!$B$9:$O$9,0),0),"") | G24: =IFERROR(VLOOKUP($B24,Data!$B$9:$O$153,MATCH(G$2,Data!$B$9:$O$9,0),0),"") | H24: =IFERROR(VLOOKUP($B24,Data!$B$9:$O$153,MATCH(H$2,Data!$B$9:$O$9,0),0),"") | I24: =IFERROR(VLOOKUP($B24,Data!$B$9:$O$153,MATCH(I$2,Data!$B$9:$O$9,0),0),"") | J24: =IFERROR(VLOOKUP($B24,Data!$B$9:$O$153,MATCH(J$2,Data!$B$9:$O$9,0),0),"") | K24: 40800 | L24: 40801 | M24: 40823 | N24: 40834 | O24: 40835 | P24: 40841 | Q24: Admit | R24: =IF((P24=""),"",IF((WEEKDAY(P24,2)=1),"Monday",IF((WEEKDAY(P24,2)=2),"Tuesday",IF((WEEKDAY(P24,2)=3),"Wednesday",IF((WEEKDAY(P24,2)=4),"Thursday",IF((WEEKDAY(P24,2)=5),"Friday","Weekend")))))) -> Tuesday | T24: =IF(OR((L24=""),(K24="")),"",(L24-K24)) -> 1 | U24: =IF(OR((M24=""),(L24="")),"",(M24-L24)) -> 22 | V24: =IF(OR((N24=""),(M24="")),"",(N24-M24)) -> 11 | W24: =IF(OR((O24=""),(N24="")),"",(O24-N24)) -> 1 | X24: =IF(OR((P24=""),(O24="")),"",(P24-O24)) -> 6 | Y24: =IF(OR((P24=""),(K24="")),"",(P24-K24)) -> 41
B25: 14mbahopeful | C25: ED | D25: =IF((P25>0),"Decision",IF((O25>0),"Complete",IF((N25>0),"Interviewed",IF((M25>0),"Invite",IF((L25>0),"Review","Applied"))))) -> Complete | E25: =IFERROR(VLOOKUP($B25,Data!$B$9:$O$153,MATCH(E$2,Data!$B$9:$O$9,0),0),"") | F25: =IFERROR(VLOOKUP($B25,Data!$B$9:$O$153,MATCH(F$2,Data!$B$9:$O$9,0),0),"") | G25: =IFERROR(VLOOKUP($B25,Data!$B$9:$O$153,MATCH(G$2,Data!$B$9:$O$9,0),0),"") | H25: =IFERROR(VLOOKUP($B25,Data!$B$9:$O$153,MATCH(H$2,Data!$B$9:$O$9,0),0),"") | I25: =IFERROR(VLOOKUP($B25,Data!$B$9:$O$153,MATCH(I$2,Data!$B$9:$O$9,0),0),"") | J25: =IFERROR(VLOOKUP($B25,Data!$B$9:$O$153,MATCH(J$2,Data!$B$9:$O$9,0),0),"") | K25: 40801 | L25: 40802 | M25: 40808 | N25: 40819 | O25: 40823 | R25: =IF((P25=""),"",IF((WEEKDAY(P25,2)=1),"Monday",IF((WEEKDAY(P25,2)=2),"Tuesday",IF((WEEKDAY(P25,2)=3),"Wednesday",IF((WEEKDAY(P25,2)=4),"Thursday",IF((WEEKDAY(P25,2)=5),"Friday","Weekend")))))) | T25: =IF(OR((L25=""),(K25="")),"",(L25-K25)) -> 1 | U25: =IF(OR((M25=""),(L25="")),"",(M25-L25)) -> 6 | V25: =IF(OR((N25=""),(M25="")),"",(N25-M25)) -> 11 | W25: =IF(OR((O25=""),(N25="")),"",(O25-N25)) -> 4 | X25: =IF(OR((P25=""),(O25="")),"",(P25-O25)) | Y25: =IF(OR((P25=""),(K25="")),"",(P25-K25))
B26: calie04 | C26: ED | D26: =IF((P26>0),"Decision",IF((O26>0),"Complete",IF((N26>0),"Interviewed",IF((M26>0),"Invite",IF((L26>0),"Review","Applied"))))) -> Decision | E26: =IFERROR(VLOOKUP($B26,Data!$B$9:$O$153,MATCH(E$2,Data!$B$9:$O$9,0),0),"") | F26: =IFERROR(VLOOKUP($B26,Data!$B$9:$O$153,MATCH(F$2,Data!$B$9:$O$9,0),0),"") | G26: =IFERROR(VLOOKUP($B26,Data!$B$9:$O$153,MATCH(G$2,Data!$B$9:$O$9,0),0),"") | H26: =IFERROR(VLOOKUP($B26,Data!$B$9:$O$153,MATCH(H$2,Data!$B$9:$O$9,0),0),"") | I26: =IFERROR(VLOOKUP($B26,Data!$B$9:$O$153,MATCH(I$2,Data!$B$9:$O$9,0),0),"") | J26: =IFERROR(VLOOKUP($B26,Data!$B$9:$O$153,MATCH(J$2,Data!$B$9:$O$9,0),0),"") | K26: 40804 | L26: 40805 | M26: 40814 | N26: 40821 | O26: 40823 | P26: 40835 | Q26: Admit | R26: =IF((P26=""),"",IF((WEEKDAY(P26,2)=1),"Monday",IF((WEEKDAY(P26,2)=2),"Tuesday",IF((WEEKDAY(P26,2)=3),"Wednesday",IF((WEEKDAY(P26,2)=4),"Thursday",IF((WEEKDAY(P26,2)=5),"Friday","Weekend")))))) -> Wednesday | T26: =IF(OR((L26=""),(K26="")),"",(L26-K26)) -> 1 | U26: =IF(OR((M26=""),(L26="")),"",(M26-L26)) -> 9 | V26: =IF(OR((N26=""),(M26="")),"",(N26-M26)) -> 7 | W26: =IF(OR((O26=""),(N26="")),"",(O26-N26)) -> 2 | X26: =IF(OR((P26=""),(O26="")),"",(P26-O26)) -> 12 | Y26: =IF(OR((P26=""),(K26="")),"",(P26-K26)) -> 31
B27: RonCash | C27: ED | D27: =IF((P27>0),"Decision",IF((O27>0),"Complete",IF((N27>0),"Interviewed",IF((M27>0),"Invite",IF((L27>0),"Review","Applied"))))) -> Complete | E27: =IFERROR(VLOOKUP($B27,Data!$B$9:$O$153,MATCH(E$2,Data!$B$9:$O$9,0),0),"") | F27: =IFERROR(VLOOKUP($B27,Data!$B$9:$O$153,MATCH(F$2,Data!$B$9:$O$9,0),0),"") | G27: =IFERROR(VLOOKUP($B27,Data!$B$9:$O$153,MATCH(G$2,Data!$B$9:$O$9,0),0),"") | H27: =IFERROR(VLOOKUP($B27,Data!$B$9:$O$153,MATCH(H$2,Data!$B$9:$O$9,0),0),"") | I27: =IFERROR(VLOOKUP($B27,Data!$B$9:$O$153,MATCH(I$2,Data!$B$9:$O$9,0),0),"") | J27: =IFERROR(VLOOKUP($B27,Data!$B$9:$O$153,MATCH(J$2,Data!$B$9:$O$9,0),0),"") | K27: 40806 | L27: 40807 | O27: 40844 | R27: =IF((P27=""),"",IF((WEEKDAY(P27,2)=1),"Monday",IF((WEEKDAY(P27,2)=2),"Tuesday",IF((WEEKDAY(P27,2)=3),"Wednesday",IF((WEEKDAY(P27,2)=4),"Thursday",IF((WEEKDAY(P27,2)=5),"Friday","Weekend")))))) | T27: =IF(OR((L27=""),(K27="")),"",(L27-K27)) -> 1 | U27: =IF(OR((M27=""),(L27="")),"",(M27-L27)) | V27: =IF(OR((N27=""),(M27="")),"",(N27-M27)) | W27: =IF(OR((O27=""),(N27="")),"",(O27-N27)) | X27: =IF(OR((P27=""),(O27="")),"",(P27-O27)) | Y27: =IF(OR((P27=""),(K27="")),"",(P27-K27))
B28: svalik | C28: ED | D28: =IF((P28>0),"Decision",IF((O28>0),"Complete",IF((N28>0),"Interviewed",IF((M28>0),"Invite",IF((L28>0),"Review","Applied"))))) -> Decision | E28: =IFERROR(VLOOKUP($B28,Data!$B$9:$O$153,MATCH(E$2,Data!$B$9:$O$9,0),0),"") | F28: =IFERROR(VLOOKUP($B28,Data!$B$9:$O$153,MATCH(F$2,Data!$B$9:$O$9,0),0),"") | G28: =IFERROR(VLOOKUP($B28,Data!$B$9:$O$153,MATCH(G$2,Data!$B$9:$O$9,0),0),"") | H28: =IFERROR(VLOOKUP($B28,Data!$B$9:$O$153,MATCH(H$2,Data!$B$9:$O$9,0),0),"") | I28: =IFERROR(VLOOKUP($B28,Data!$B$9:$O$153,MATCH(I$2,Data!$B$9:$O$9,0),0),"") | J28: =IFERROR(VLOOKUP($B28,Data!$B$9:$O$153,MATCH(J$2,Data!$B$9:$O$9,0),0),"") | K28: 40808 | L28: 40812 | M28: 40813 | N28: 40821 | P28: 40828 | Q28: Admit | R28: =IF((P28=""),"",IF((WEEKDAY(P28,2)=1),"Monday",IF((WEEKDAY(P28,2)=2),"Tuesday",IF((WEEKDAY(P28,2)=3),"Wednesday",IF((WEEKDAY(P28,2)=4),"Thursday",IF((WEEKDAY(P28,2)=5),"Friday","Weekend")))))) -> Wednesday | T28: =IF(OR((L28=""),(K28="")),"",(L28-K28)) -> 4 | U28: =IF(OR((M28=""),(L28="")),"",(M28-L28)) -> 1 | V28: =IF(OR((N28=""),(M28="")),"",(N28-M28)) -> 8 | W28: =IF(OR((O28=""),(N28="")),"",(O28-N28)) | X28: =IF(OR((P28=""),(O28="")),"",(P28-O28)) | Y28: =IF(OR((P28=""),(K28="")),"",(P28-K28)) -> 20
B29: gjaligama | C29: ED | D29: =IF((P29>0),"Decision",IF((O29>0),"Complete",IF((N29>0),"Interviewed",IF((M29>0),"Invite",IF((L29>0),"Review","Applied"))))) -> Review | E29: =IFERROR(VLOOKUP($B29,Data!$B$9:$O$153,MATCH(E$2,Data!$B$9:$O$9,0),0),"") | F29: =IFERROR(VLOOKUP($B29,Data!$B$9:$O$153,MATCH(F$2,Data!$B$9:$O$9,0),0),"") | G29: =IFERROR(VLOOKUP($B29,Data!$B$9:$O$153,MATCH(G$2,Data!$B$9:$O$9,0),0),"") | H29: =IFERROR(VLOOKUP($B29,Data!$B$9:$O$153,MATCH(H$2,Data!$B$9:$O$9,0),0),"") | I29: =IFERROR(VLOOKUP($B29,Data!$B$9:$O$153,MATCH(I$2,Data!$B$9:$O$9,0),0),"") | J29: =IFERROR(VLOOKUP($B29,Data!$B$9:$O$153,MATCH(J$2,Data!$B$9:$O$9,0),0),"") | K29: 40810 | L29: 40812 | R29: =IF((P29=""),"",IF((WEEKDAY(P29,2)=1),"Monday",IF((WEEKDAY(P29,2)=2),"Tuesday",IF((WEEKDAY(P29,2)=3),"Wednesday",IF((WEEKDAY(P29,2)=4),"Thursday",IF((WEEKDAY(P29,2)=5),"Friday","Weekend")))))) | T29: =IF(OR((L29=""),(K29="")),"",(L29-K29)) -> 2 | U29: =IF(OR((M29=""),(L29="")),"",(M29-L29)) | V29: =IF(OR((N29=""),(M29="")),"",(N29-M29)) | W29: =IF(OR((O29=""),(N29="")),"",(O29-N29)) | X29: =IF(OR((P29=""),(O29="")),"",(P29-O29)) | Y29: =IF(OR((P29=""),(K29="")),"",(P29-K29))
B30: Solonos | C30: ED | D30: =IF((P30>0),"Decision",IF((O30>0),"Complete",IF((N30>0),"Interviewed",IF((M30>0),"Invite",IF((L30>0),"Review","Applied"))))) -> Invite | E30: =IFERROR(VLOOKUP($B30,Data!$B$9:$O$153,MATCH(E$2,Data!$B$9:$O$9,0),0),"") | F30: =IFERROR(VLOOKUP($B30,Data!$B$9:$O$153,MATCH(F$2,Data!$B$9:$O$9,0),0),"") | G30: =IFERROR(VLOOKUP($B30,Data!$B$9:$O$153,MATCH(G$2,Data!$B$9:$O$9,0),0),"") | H30: =IFERROR(VLOOKUP($B30,Data!$B$9:$O$153,MATCH(H$2,Data!$B$9:$O$9,0),0),"") | I30: =IFERROR(VLOOKUP($B30,Data!$B$9:$O$153,MATCH(I$2,Data!$B$9:$O$9,0),0),"") | J30: =IFERROR(VLOOKUP($B30,Data!$B$9:$O$153,MATCH(J$2,Data!$B$9:$O$9,0),0),"") | K30: 40813 | M30: 40843 | R30: =IF((P30=""),"",IF((WEEKDAY(P30,2)=1),"Monday",IF((WEEKDAY(P30,2)=2),"Tuesday",IF((WEEKDAY(P30,2)=3),"Wednesday",IF((WEEKDAY(P30,2)=4),"Thursday",IF((WEEKDAY(P30,2)=5),"Friday","Weekend")))))) | T30: =IF(OR((L30=""),(K30="")),"",(L30-K30)) | U30: =IF(OR((M30=""),(L30="")),"",(M30-L30)) | V30: =IF(OR((N30=""),(M30="")),"",(N30-M30)) | W30: =IF(OR((O30=""),(N30="")),"",(O30-N30)) | X30: =IF(OR((P30=""),(O30="")),"",(P30-O30)) | Y30: =IF(OR((P30=""),(K30="")),"",(P30-K30))
B31: chynaxdawl | C31: ED | D31: =IF((P31>0),"Decision",IF((O31>0),"Complete",IF((N31>0),"Interviewed",IF((M31>0),"Invite",IF((L31>0),"Review","Applied"))))) -> Decision | E31: =IFERROR(VLOOKUP($B31,Data!$B$9:$O$153,MATCH(E$2,Data!$B$9:$O$9,0),0),"") -> 28 | F31: =IFERROR(VLOOKUP($B31,Data!$B$9:$O$153,MATCH(F$2,Data!$B$9:$O$9,0),0),"") -> 3.69 | G31: =IFERROR(VLOOKUP($B31,Data!$B$9:$O$153,MATCH(G$2,Data!$B$9:$O$9,0),0),"") -> 730 | H31: =IFERROR(VLOOKUP($B31,Data!$B$9:$O$153,MATCH(H$2,Data!$B$9:$O$9,0),0),"") -> 6 | I31: =IFERROR(VLOOKUP($B31,Data!$B$9:$O$153,MATCH(I$2,Data!$B$9:$O$9,0),0),"") -> Hospitality and Tourism | J31: =IFERROR(VLOOKUP($B31,Data!$B$9:$O$153,MATCH(J$2,Data!$B$9:$O$9,0),0),"") -> Marketing | K31: 40815 | L31: 40816 | M31: 40819 | N31: 40838 | O31: 40841 | P31: 40847 | Q31: Reject w/ Interview | R31: =IF((P31=""),"",IF((WEEKDAY(P31,2)=1),"Monday",IF((WEEKDAY(P31,2)=2),"Tuesday",IF((WEEKDAY(P31,2)=3),"Wednesday",IF((WEEKDAY(P31,2)=4),"Thursday",IF((WEEKDAY(P31,2)=5),"Friday","Weekend")))))) -> Monday | T31: =IF(OR((L31=""),(K31="")),"",(L31-K31)) -> 1 | U31: =IF(OR((M31=""),(L31="")),"",(M31-L31)) -> 3 | V31: =IF(OR((N31=""),(M31="")),"",(N31-M31)) -> 19 | W31: =IF(OR((O31=""),(N31="")),"",(O31-N31)) -> 3 | X31: =IF(OR((P31=""),(O31="")),"",(P31-O31)) -> 6 | Y31: =IF(OR((P31=""),(K31="")),"",(P31-K31)) -> 32
B32: gmatter86 | C32: ED | D32: =IF((P32>0),"Decision",IF((O32>0),"Complete",IF((N32>0),"Interviewed",IF((M32>0),"Invite",IF((L32>0),"Review","Applied"))))) -> Decision | E32: =IFERROR(VLOOKUP($B32,Data!$B$9:$O$153,MATCH(E$2,Data!$B$9:$O$9,0),0),"") | F32: =IFERROR(VLOOKUP($B32,Data!$B$9:$O$153,MATCH(F$2,Data!$B$9:$O$9,0),0),"") | G32: =IFERROR(VLOOKUP($B32,Data!$B$9:$O$153,MATCH(G$2,Data!$B$9:$O$9,0),0),"") | H32: =IFERROR(VLOOKUP($B32,Data!$B$9:$O$153,MATCH(H$2,Data!$B$9:$O$9,0),0),"") | I32: =IFERROR(VLOOKUP($B32,Data!$B$9:$O$153,MATCH(I$2,Data!$B$9:$O$9,0),0),"") | J32: =IFERROR(VLOOKUP($B32,Data!$B$9:$O$153,MATCH(J$2,Data!$B$9:$O$9,0),0),"") | K32: 40815 | L32: 40820 | P32: 40847 | Q32: Reject w/o Interview | R32: =IF((P32=""),"",IF((WEEKDAY(P32,2)=1),"Monday",IF((WEEKDAY(P32,2)=2),"Tuesday",IF((WEEKDAY(P32,2)=3),"Wednesday",IF((WEEKDAY(P32,2)=4),"Thursday",IF((WEEKDAY(P32,2)=5),"Friday","Weekend")))))) -> Monday | T32: =IF(OR((L32=""),(K32="")),"",(L32-K32)) -> 5 | U32: =IF(OR((M32=""),(L32="")),"",(M32-L32)) | V32: =IF(OR((N32=""),(M32="")),"",(N32-M32)) | W32: =IF(OR((O32=""),(N32="")),"",(O32-N32)) | X32: =IF(OR((P32=""),(O32="")),"",(P32-O32)) | Y32: =IF(OR((P32=""),(K32="")),"",(P32-K32)) -> 32
B33: bauman19 | C33: ED | D33: =IF((P33>0),"Decision",IF((O33>0),"Complete",IF((N33>0),"Interviewed",IF((M33>0),"Invite",IF((L33>0),"Review","Applied"))))) -> Invite | E33: =IFERROR(VLOOKUP($B33,Data!$B$9:$O$153,MATCH(E$2,Data!$B$9:$O$9,0),0),"") | F33: =IFERROR(VLOOKUP($B33,Data!$B$9:$O$153,MATCH(F$2,Data!$B$9:$O$9,0),0),"") | G33: =IFERROR(VLOOKUP($B33,Data!$B$9:$O$153,MATCH(G$2,Data!$B$9:$O$9,0),0),"") | H33: =IFERROR(VLOOKUP($B33,Data!$B$9:$O$153,MATCH(H$2,Data!$B$9:$O$9,0),0),"") | I33: =IFERROR(VLOOKUP($B33,Data!$B$9:$O$153,MATCH(I$2,Data!$B$9:$O$9,0),0),"") | J33: =IFERROR(VLOOKUP($B33,Data!$B$9:$O$153,MATCH(J$2,Data!$B$9:$O$9,0),0),"") | K33: 40816 | L33: 40820 | M33: 40835 | R33: =IF((P33=""),"",IF((WEEKDAY(P33,2)=1),"Monday",IF((WEEKDAY(P33,2)=2),"Tuesday",IF((WEEKDAY(P33,2)=3),"Wednesday",IF((WEEKDAY(P33,2)=4),"Thursday",IF((WEEKDAY(P33,2)=5),"Friday","Weekend")))))) | S33: Y | T33: =IF(OR((L33=""),(K33="")),"",(L33-K33)) -> 4 | U33: =IF(OR((M33=""),(L33="")),"",(M33-L33)) -> 15 | V33: =IF(OR((N33=""),(M33="")),"",(N33-M33)) | W33: =IF(OR((O33=""),(N33="")),"",(O33-N33)) | X33: =IF(OR((P33=""),(O33="")),"",(P33-O33)) | Y33: =IF(OR((P33=""),(K33="")),"",(P33-K33))
B34: HumboldtGreen | C34: ED | D34: =IF((P34>0),"Decision",IF((O34>0),"Complete",IF((N34>0),"Interviewed",IF((M34>0),"Invite",IF((L34>0),"Review","Applied"))))) -> Complete | E34: =IFERROR(VLOOKUP($B34,Data!$B$9:$O$153,MATCH(E$2,Data!$B$9:$O$9,0),0),"") -> 28 | F34: =IFERROR(VLOOKUP($B34,Data!$B$9:$O$153,MATCH(F$2,Data!$B$9:$O$9,0),0),"") -> 3.02 | G34: =IFERROR(VLOOKUP($B34,Data!$B$9:$O$153,MATCH(G$2,Data!$B$9:$O$9,0),0),"") -> 760 | H34: =IFERROR(VLOOKUP($B34,Data!$B$9:$O$153,MATCH(H$2,Data!$B$9:$O$9,0),0),"") -> 6 | I34: =IFERROR(VLOOKUP($B34,Data!$B$9:$O$153,MATCH(I$2,Data!$B$9:$O$9,0),0),"") -> Venture Capital | J34: =IFERROR(VLOOKUP($B34,Data!$B$9:$O$153,MATCH(J$2,Data!$B$9:$O$9,0),0),"") -> Finance | K34: 40817 | L34: 40819 | M34: 40821 | N34: 40829 | O34: 40833 | R34: =IF((P34=""),"",IF((WEEKDAY(P34,2)=1),"Monday",IF((WEEKDAY(P34,2)=2),"Tuesday",IF((WEEKDAY(P34,2)=3),"Wednesday",IF((WEEKDAY(P34,2)=4),"Thursday",IF((WEEKDAY(P34,2)=5),"Friday","Weekend")))))) | T34: =IF(OR((L34=""),(K34="")),"",(L34-K34)) -> 2 | U34: =IF(OR((M34=""),(L34="")),"",(M34-L34)) -> 2 | V34: =IF(OR((N34=""),(M34="")),"",(N34-M34)) -> 8 | W34: =IF(OR((O34=""),(N34="")),"",(O34-N34)) -> 4 | X34: =IF(OR((P34=""),(O34="")),"",(P34-O34)) | Y34: =IF(OR((P34=""),(K34="")),"",(P34-K34))
B35: johnnyGMAT2k10 | C35: ED | D35: =IF((P35>0),"Decision",IF((O35>0),"Complete",IF((N35>0),"Interviewed",IF((M35>0),"Invite",IF((L35>0),"Review","Applied"))))) -> Decision | E35: =IFERROR(VLOOKUP($B35,Data!$B$9:$O$153,MATCH(E$2,Data!$B$9:$O$9,0),0),"") -> 28 | F35: =IFERROR(VLOOKUP($B35,Data!$B$9:$O$153,MATCH(F$2,Data!$B$9:$O$9,0),0),"") -> 0 | G35: =IFERROR(VLOOKUP($B35,Data!$B$9:$O$153,MATCH(G$2,Data!$B$9:$O$9,0),0),"") -> 690 | H35: =IFERROR(VLOOKUP($B35,Data!$B$9:$O$153,MATCH(H$2,Data!$B$9:$O$9,0),0),"") -> 5 | I35: =IFERROR(VLOOKUP($B35,Data!$B$9:$O$153,MATCH(I$2,Data!$B$9:$O$9,0),0),"") -> Telecommunications | J35: =IFERROR(VLOOKUP($B35,Data!$B$9:$O$153,MATCH(J$2,Data!$B$9:$O$9,0),0),"") -> Finance | K35: 40817 | P35: 40847 | Q35: Reject w/o Interview | R35: =IF((P35=""),"",IF((WEEKDAY(P35,2)=1),"Monday",IF((WEEKDAY(P35,2)=2),"Tuesday",IF((WEEKDAY(P35,2)=3),"Wednesday",IF((WEEKDAY(P35,2)=4),"Thursday",IF((WEEKDAY(P35,2)=5),"Friday","Weekend")))))) -> Monday | T35: =IF(OR((L35=""),(K35="")),"",(L35-K35)) | U35: =IF(OR((M35=""),(L35="")),"",(M35-L35)) | V35: =IF(OR((N35=""),(M35="")),"",(N35-M35)) | W35: =IF(OR((O35=""),(N35="")),"",(O35-N35)) | X35: =IF(OR((P35=""),(O35="")),"",(P35-O35)) | Y35: =IF(OR((P35=""),(K35="")),"",(P35-K35)) -> 30
B36: rgupta83 | C36: ED | D36: =IF((P36>0),"Decision",IF((O36>0),"Complete",IF((N36>0),"Interviewed",IF((M36>0),"Invite",IF((L36>0),"Review","Applied"))))) -> Decision | E36: =IFERROR(VLOOKUP($B36,Data!$B$9:$O$153,MATCH(E$2,Data!$B$9:$O$9,0),0),"") -> 28 | F36: =IFERROR(VLOOKUP($B36,Data!$B$9:$O$153,MATCH(F$2,Data!$B$9:$O$9,0),0),"") -> 3 | G36: =IFERROR(VLOOKUP($B36,Data!$B$9:$O$153,MATCH(G$2,Data!$B$9:$O$9,0),0),"") -> 710 | H36: =IFERROR(VLOOKUP($B36,Data!$B$9:$O$153,MATCH(H$2,Data!$B$9:$O$9,0),0),"") -> 6 | I36: =IFERROR(VLOOKUP($B36,Data!$B$9:$O$153,MATCH(I$2,Data!$B$9:$O$9,0),0),"") -> Consulting | J36: =IFERROR(VLOOKUP($B36,Data!$B$9:$O$153,MATCH(J$2,Data!$B$9:$O$9,0),0),"") -> Strategy | K36: 40817 | L36: 40819 | M36: 40821 | N36: 40830 | O36: 40833 | P36: 40847 | Q36: Reject w/ Interview | R36: =IF((P36=""),"",IF((WEEKDAY(P36,2)=1),"Monday",IF((WEEKDAY(P36,2)=2),"Tuesday",IF((WEEKDAY(P36,2)=3),"Wednesday",IF((WEEKDAY(P36,2)=4),"Thursday",IF((WEEKDAY(P36,2)=5),"Friday","Weekend")))))) -> Monday | S36: Y | T36: =IF(OR((L36=""),(K36="")),"",(L36-K36)) -> 2 | U36: =IF(OR((M36=""),(L36="")),"",(M36-L36)) -> 2 | V36: =IF(OR((N36=""),(M36="")),"",(N36-M36)) -> 9 | W36: =IF(OR((O36=""),(N36="")),"",(O36-N36)) -> 3 | X36: =IF(OR((P36=""),(O36="")),"",(P36-O36)) -> 14 | Y36: =IF(OR((P36=""),(K36="")),"",(P36-K36)) -> 30
B37: AlwaysBeClosing | C37: ED | D37: =IF((P37>0),"Decision",IF((O37>0),"Complete",IF((N37>0),"Interviewed",IF((M37>0),"Invite",IF((L37>0),"Review","Applied"))))) -> Review | E37: =IFERROR(VLOOKUP($B37,Data!$B$9:$O$153,MATCH(E$2,Data!$B$9:$O$9,0),0),"") -> 28 | F37: =IFERROR(VLOOKUP($B37,Data!$B$9:$O$153,MATCH(F$2,Data!$B$9:$O$9,0),0),"") -> 3.02 | G37: =IFERROR(VLOOKUP($B37,Data!$B$9:$O$153,MATCH(G$2,Data!$B$9:$O$9,0),0),"") -> 660 | H37: =IFERROR(VLOOKUP($B37,Data!$B$9:$O$153,MATCH(H$2,Data!$B$9:$O$9,0),0),"") -> 3 | I37: =IFERROR(VLOOKUP($B37,Data!$B$9:$O$153,MATCH(I$2,Data!$B$9:$O$9,0),0),"") -> Law | J37: =IFERROR(VLOOKUP($B37,Data!$B$9:$O$153,MATCH(J$2,Data!$B$9:$O$9,0),0),"") -> 0 | K37: 40818 | L37: 40821 | R37: =IF((P37=""),"",IF((WEEKDAY(P37,2)=1),"Monday",IF((WEEKDAY(P37,2)=2),"Tuesday",IF((WEEKDAY(P37,2)=3),"Wednesday",IF((WEEKDAY(P37,2)=4),"Thursday",IF((WEEKDAY(P37,2)=5),"Friday","Weekend")))))) | T37: =IF(OR((L37=""),(K37="")),"",(L37-K37)) -> 3 | U37: =IF(OR((M37=""),(L37="")),"",(M37-L37)) | V37: =IF(OR((N37=""),(M37="")),"",(N37-M37)) | W37: =IF(OR((O37=""),(N37="")),"",(O37-N37)) | X37: =IF(OR((P37=""),(O37="")),"",(P37-O37)) | Y37: =IF(OR((P37=""),(K37="")),"",(P37-K37))
B38: bh2011 | C38: ED | D38: =IF((P38>0),"Decision",IF((O38>0),"Complete",IF((N38>0),"Interviewed",IF((M38>0),"Invite",IF((L38>0),"Review","Applied"))))) -> Decision | E38: =IFERROR(VLOOKUP($B38,Data!$B$9:$O$153,MATCH(E$2,Data!$B$9:$O$9,0),0),"") | F38: =IFERROR(VLOOKUP($B38,Data!$B$9:$O$153,MATCH(F$2,Data!$B$9:$O$9,0),0),"") | G38: =IFERROR(VLOOKUP($B38,Data!$B$9:$O$153,MATCH(G$2,Data!$B$9:$O$9,0),0),"") | H38: =IFERROR(VLOOKUP($B38,Data!$B$9:$O$153,MATCH(H$2,Data!$B$9:$O$9,0),0),"") | I38: =IFERROR(VLOOKUP($B38,Data!$B$9:$O$153,MATCH(I$2,Data!$B$9:$O$9,0),0),"") | J38: =IFERROR(VLOOKUP($B38,Data!$B$9:$O$153,MATCH(J$2,Data!$B$9:$O$9,0),0),"") | K38: 40818 | L38: 40819 | M38: 40820 | N38: 40828 | O38: 40829 | P38: 40843 | Q38: Admit | R38: =IF((P38=""),"",IF((WEEKDAY(P38,2)=1),"Monday",IF((WEEKDAY(P38,2)=2),"Tuesday",IF((WEEKDAY(P38,2)=3),"Wednesday",IF((WEEKDAY(P38,2)=4),"Thursday",IF((WEEKDAY(P38,2)=5),"Friday","Weekend")))))) -> Thursday | T38: =IF(OR((L38=""),(K38="")),"",(L38-K38)) -> 1 | U38: =IF(OR((M38=""),(L38="")),"",(M38-L38)) -> 1 | V38: =IF(OR((N38=""),(M38="")),"",(N38-M38)) -> 8 | W38: =IF(OR((O38=""),(N38="")),"",(O38-N38)) -> 1 | X38: =IF(OR((P38=""),(O38="")),"",(P38-O38)) -> 14 | Y38: =IF(OR((P38=""),(K38="")),"",(P38-K38)) -> 25
B39: ermizrahi | C39: ED | D39: =IF((P39>0),"Decision",IF((O39>0),"Complete",IF((N39>0),"Interviewed",IF((M39>0),"Invite",IF((L39>0),"Review","Applied"))))) -> Complete | E39: =IFERROR(VLOOKUP($B39,Data!$B$9:$O$153,MATCH(E$2,Data!$B$9:$O$9,0),0),"") -> 25 | F39: =IFERROR(VLOOKUP($B39,Data!$B$9:$O$153,MATCH(F$2,Data!$B$9:$O$9,0),0),"") | G39: =IFERROR(VLOOKUP($B39,Data!$B$9:$O$153,MATCH(G$2,Data!$B$9:$O$9,0),0),"") -> 730 | H39: =IFERROR(VLOOKUP($B39,Data!$B$9:$O$153,MATCH(H$2,Data!$B$9:$O$9,0),0),"") -> 0 | I39: =IFERROR(VLOOKUP($B39,Data!$B$9:$O$153,MATCH(I$2,Data!$B$9:$O$9,0),0),"") -> Accounting | J39: =IFERROR(VLOOKUP($B39,Data!$B$9:$O$153,MATCH(J$2,Data!$B$9:$O$9,0),0),"") -> Entrepreneurship | K39: 40818 | L39: 40819 | M39: 40821 | N39: 40832 | O39: 40834 | R39: =IF((P39=""),"",IF((WEEKDAY(P39,2)=1),"Monday",IF((WEEKDAY(P39,2)=2),"Tuesday",IF((WEEKDAY(P39,2)=3),"Wednesday",IF((WEEKDAY(P39,2)=4),"Thursday",IF((WEEKDAY(P39,2)=5),"Friday","Weekend")))))) | T39: =IF(OR((L39=""),(K39="")),"",(L39-K39)) -> 1 | U39: =IF(OR((M39=""),(L39="")),"",(M39-L39)) -> 2 | V39: =IF(OR((N39=""),(M39="")),"",(N39-M39)) -> 11 | W39: =IF(OR((O39=""),(N39="")),"",(O39-N39)) -> 2 | X39: =IF(OR((P39=""),(O39="")),"",(P39-O39)) | Y39: =IF(OR((P39=""),(K39="")),"",(P39-K39))
B40: mbagirl23 | C40: ED | D40: =IF((P40>0),"Decision",IF((O40>0),"Complete",IF((N40>0),"Interviewed",IF((M40>0),"Invite",IF((L40>0),"Review","Applied"))))) -> Review | E40: =IFERROR(VLOOKUP($B40,Data!$B$9:$O$153,MATCH(E$2,Data!$B$9:$O$9,0),0),"") | F40: =IFERROR(VLOOKUP($B40,Data!$B$9:$O$153,MATCH(F$2,Data!$B$9:$O$9,0),0),"") | G40: =IFERROR(VLOOKUP($B40,Data!$B$9:$O$153,MATCH(G$2,Data!$B$9:$O$9,0),0),"") | H40: =IFERROR(VLOOKUP($B40,Data!$B$9:$O$153,MATCH(H$2,Data!$B$9:$O$9,0),0),"") | I40: =IFERROR(VLOOKUP($B40,Data!$B$9:$O$153,MATCH(I$2,Data!$B$9:$O$9,0),0),"") | J40: =IFERROR(VLOOKUP($B40,Data!$B$9:$O$153,MATCH(J$2,Data!$B$9:$O$9,0),0),"") | K40: 40818 | L40: 40820 | R40: =IF((P40=""),"",IF((WEEKDAY(P40,2)=1),"Monday",IF((WEEKDAY(P40,2)=2),"Tuesday",IF((WEEKDAY(P40,2)=3),"Wednesday",IF((WEEKDAY(P40,2)=4),"Thursday",IF((WEEKDAY(P40,2)=5),"Friday","Weekend")))))) | T40: =IF(OR((L40=""),(K40="")),"",(L40-K40)) -> 2 | U40: =IF(OR((M40=""),(L40="")),"",(M40-L40)) | V40: =IF(OR((N40=""),(M40="")),"",(N40-M40)) | W40: =IF(OR((O40=""),(N40="")),"",(O40-N40)) | X40: =IF(OR((P40=""),(O40="")),"",(P40-O40)) | Y40: =IF(OR((P40=""),(K40="")),"",(P40-K40))
B41: osonipse | C41: ED | D41: =IF((P41>0),"Decision",IF((O41>0),"Complete",IF((N41>0),"Interviewed",IF((M41>0),"Invite",IF((L41>0),"Review","Applied"))))) -> Decision | E41: =IFERROR(VLOOKUP($B41,Data!$B$9:$O$153,MATCH(E$2,Data!$B$9:$O$9,0),0),"") -> 28 | F41: =IFERROR(VLOOKUP($B41,Data!$B$9:$O$153,MATCH(F$2,Data!$B$9:$O$9,0),0),"") -> 3.14 | G41: =IFERROR(VLOOKUP($B41,Data!$B$9:$O$153,MATCH(G$2,Data!$B$9:$O$9,0),0),"") -> 750 | H41: =IFERROR(VLOOKUP($B41,Data!$B$9:$O$153,MATCH(H$2,Data!$B$9:$O$9,0),0),"") -> 6 | I41: =IFERROR(VLOOKUP($B41,Data!$B$9:$O$153,MATCH(I$2,Data!$B$9:$O$9,0),0),"") -> Law | J41: =IFERROR(VLOOKUP($B41,Data!$B$9:$O$153,MATCH(J$2,Data!$B$9:$O$9,0),0),"") -> Finance | K41: 40818 | L41: 40819 | P41: 40847 | Q41: Reject w/o Interview | R41: =IF((P41=""),"",IF((WEEKDAY(P41,2)=1),"Monday",IF((WEEKDAY(P41,2)=2),"Tuesday",IF((WEEKDAY(P41,2)=3),"Wednesday",IF((WEEKDAY(P41,2)=4),"Thursday",IF((WEEKDAY(P41,2)=5),"Friday","Weekend")))))) -> Monday | T41: =IF(OR((L41=""),(K41="")),"",(L41-K41)) -> 1 | U41: =IF(OR((M41=""),(L41="")),"",(M41-L41)) | V41: =IF(OR((N41=""),(M41="")),"",(N41-M41)) | W41: =IF(OR((O41=""),(N41="")),"",(O41-N41)) | X41: =IF(OR((P41=""),(O41="")),"",(P41-O41)) | Y41: =IF(OR((P41=""),(K41="")),"",(P41-K41)) -> 29
B42: simkhovitch | C42: ED | D42: =IF((P42>0),"Decision",IF((O42>0),"Complete",IF((N42>0),"Interviewed",IF((M42>0),"Invite",IF((L42>0),"Review","Applied"))))) -> Decision | E42: =IFERROR(VLOOKUP($B42,Data!$B$9:$O$153,MATCH(E$2,Data!$B$9:$O$9,0),0),"") | F42: =IFERROR(VLOOKUP($B42,Data!$B$9:$O$153,MATCH(F$2,Data!$B$9:$O$9,0),0),"") | G42: =IFERROR(VLOOKUP($B42,Data!$B$9:$O$153,MATCH(G$2,Data!$B$9:$O$9,0),0),"") | H42: =IFERROR(VLOOKUP($B42,Data!$B$9:$O$153,MATCH(H$2,Data!$B$9:$O$9,0),0),"") | I42: =IFERROR(VLOOKUP($B42,Data!$B$9:$O$153,MATCH(I$2,Data!$B$9:$O$9,0),0),"") | J42: =IFERROR(VLOOKUP($B42,Data!$B$9:$O$153,MATCH(J$2,Data!$B$9:$O$9,0),0),"") | K42: 40818 | L42: 40819 | M42: 40821 | N42: 40829 | O42: 40833 | P42: 40841 | Q42: Admit | R42: =IF((P42=""),"",IF((WEEKDAY(P42,2)=1),"Monday",IF((WEEKDAY(P42,2)=2),"Tuesday",IF((WEEKDAY(P42,2)=3),"Wednesday",IF((WEEKDAY(P42,2)=4),"Thursday",IF((WEEKDAY(P42,2)=5),"Friday","Weekend")))))) -> Tuesday | T42: =IF(OR((L42=""),(K42="")),"",(L42-K42)) -> 1 | U42: =IF(OR((M42=""),(L42="")),"",(M42-L42)) -> 2 | V42: =IF(OR((N42=""),(M42="")),"",(N42-M42)) -> 8 | W42: =IF(OR((O42=""),(N42="")),"",(O42-N42)) -> 4 | X42: =IF(OR((P42=""),(O42="")),"",(P42-O42)) -> 8 | Y42: =IF(OR((P42=""),(K42="")),"",(P42-K42)) -> 23
B43: diggles14 | C43: ED | D43: =IF((P43>0),"Decision",IF((O43>0),"Complete",IF((N43>0),"Interviewed",IF((M43>0),"Invite",IF((L43>0),"Review","Applied"))))) -> Interviewed | E43: =IFERROR(VLOOKUP($B43,Data!$B$9:$O$153,MATCH(E$2,Data!$B$9:$O$9,0),0),"") | F43: =IFERROR(VLOOKUP($B43,Data!$B$9:$O$153,MATCH(F$2,Data!$B$9:$O$9,0),0),"") | G43: =IFERROR(VLOOKUP($B43,Data!$B$9:$O$153,MATCH(G$2,Data!$B$9:$O$9,0),0),"") | H43: =IFERROR(VLOOKUP($B43,Data!$B$9:$O$153,MATCH(H$2,Data!$B$9:$O$9,0),0),"") | I43: =IFERROR(VLOOKUP($B43,Data!$B$9:$O$153,MATCH(I$2,Data!$B$9:$O$9,0),0),"") | J43: =IFERROR(VLOOKUP($B43,Data!$B$9:$O$153,MATCH(J$2,Data!$B$9:$O$9,0),0),"") | K43: 40819 | L43: 40821 | M43: 40823 | N43: 40835 | R43: =IF((P43=""),"",IF((WEEKDAY(P43,2)=1),"Monday",IF((WEEKDAY(P43,2)=2),"Tuesday",IF((WEEKDAY(P43,2)=3),"Wednesday",IF((WEEKDAY(P43,2)=4),"Thursday",IF((WEEKDAY(P43,2)=5),"Friday","Weekend")))))) | T43: =IF(OR((L43=""),(K43="")),"",(L43-K43)) -> 2 | U43: =IF(OR((M43=""),(L43="")),"",(M43-L43)) -> 2 | V43: =IF(OR((N43=""),(M43="")),"",(N43-M43)) -> 12 | W43: =IF(OR((O43=""),(N43="")),"",(O43-N43)) | X43: =IF(OR((P43=""),(O43="")),"",(P43-O43)) | Y43: =IF(OR((P43=""),(K43="")),"",(P43-K43))
B44: mm65 | C44: ED | D44: =IF((P44>0),"Decision",IF((O44>0),"Complete",IF((N44>0),"Interviewed",IF((M44>0),"Invite",IF((L44>0),"Review","Applied"))))) -> Invite | E44: =IFERROR(VLOOKUP($B44,Data!$B$9:$O$153,MATCH(E$2,Data!$B$9:$O$9,0),0),"") | F44: =IFERROR(VLOOKUP($B44,Data!$B$9:$O$153,MATCH(F$2,Data!$B$9:$O$9,0),0),"") | G44: =IFERROR(VLOOKUP($B44,Data!$B$9:$O$153,MATCH(G$2,Data!$B$9:$O$9,0),0),"") | H44: =IFERROR(VLOOKUP($B44,Data!$B$9:$O$153,MATCH(H$2,Data!$B$9:$O$9,0),0),"") | I44: =IFERROR(VLOOKUP($B44,Data!$B$9:$O$153,MATCH(I$2,Data!$B$9:$O$9,0),0),"") | J44: =IFERROR(VLOOKUP($B44,Data!$B$9:$O$153,MATCH(J$2,Data!$B$9:$O$9,0),0),"") | K44: 40819 | L44: 40821 | M44: 40842 | R44: =IF((P44=""),"",IF((WEEKDAY(P44,2)=1),"Monday",IF((WEEKDAY(P44,2)=2),"Tuesday",IF((WEEKDAY(P44,2)=3),"Wednesday",IF((WEEKDAY(P44,2)=4),"Thursday",IF((WEEKDAY(P44,2)=5),"Friday","Weekend")))))) | T44: =IF(OR((L44=""),(K44="")),"",(L44-K44)) -> 2 | U44: =IF(OR((M44=""),(L44="")),"",(M44-L44)) -> 21 | V44: =IF(OR((N44=""),(M44="")),"",(N44-M44)) | W44: =IF(OR((O44=""),(N44="")),"",(O44-N44)) | X44: =IF(OR((P44=""),(O44="")),"",(P44-O44)) | Y44: =IF(OR((P44=""),(K44="")),"",(P44-K44))
B45: pc2010 | C45: ED | D45: =IF((P45>0),"Decision",IF((O45>0),"Complete",IF((N45>0),"Interviewed",IF((M45>0),"Invite",IF((L45>0),"Review","Applied"))))) -> Decision | E45: =IFERROR(VLOOKUP($B45,Data!$B$9:$O$153,MATCH(E$2,Data!$B$9:$O$9,0),0),"") | F45: =IFERROR(VLOOKUP($B45,Data!$B$9:$O$153,MATCH(F$2,Data!$B$9:$O$9,0),0),"") | G45: =IFERROR(VLOOKUP($B45,Data!$B$9:$O$153,MATCH(G$2,Data!$B$9:$O$9,0),0),"") | H45: =IFERROR(VLOOKUP($B45,Data!$B$9:$O$153,MATCH(H$2,Data!$B$9:$O$9,0),0),"") | I45: =IFERROR(VLOOKUP($B45,Data!$B$9:$O$153,MATCH(I$2,Data!$B$9:$O$9,0),0),"") | J45: =IFERROR(VLOOKUP($B45,Data!$B$9:$O$153,MATCH(J$2,Data!$B$9:$O$9,0),0),"") | K45: 40819 | L45: 40822 | P45: 40847 | Q45: Reject w/o Interview | R45: =IF((P45=""),"",IF((WEEKDAY(P45,2)=1),"Monday",IF((WEEKDAY(P45,2)=2),"Tuesday",IF((WEEKDAY(P45,2)=3),"Wednesday",IF((WEEKDAY(P45,2)=4),"Thursday",IF((WEEKDAY(P45,2)=5),"Friday","Weekend")))))) -> Monday | T45: =IF(OR((L45=""),(K45="")),"",(L45-K45)) -> 3 | U45: =IF(OR((M45=""),(L45="")),"",(M45-L45)) | V45: =IF(OR((N45=""),(M45="")),"",(N45-M45)) | W45: =IF(OR((O45=""),(N45="")),"",(O45-N45)) | X45: =IF(OR((P45=""),(O45="")),"",(P45-O45)) | Y45: =IF(OR((P45=""),(K45="")),"",(P45-K45)) -> 28
B46: saydogdu | C46: ED | D46: =IF((P46>0),"Decision",IF((O46>0),"Complete",IF((N46>0),"Interviewed",IF((M46>0),"Invite",IF((L46>0),"Review","Applied"))))) -> Invite | E46: =IFERROR(VLOOKUP($B46,Data!$B$9:$O$153,MATCH(E$2,Data!$B$9:$O$9,0),0),"") | F46: =IFERROR(VLOOKUP($B46,Data!$B$9:$O$153,MATCH(F$2,Data!$B$9:$O$9,0),0),"") | G46: =IFERROR(VLOOKUP($B46,Data!$B$9:$O$153,MATCH(G$2,Data!$B$9:$O$9,0),0),"") | H46: =IFERROR(VLOOKUP($B46,Data!$B$9:$O$153,MATCH(H$2,Data!$B$9:$O$9,0),0),"") | I46: =IFERROR(VLOOKUP($B46,Data!$B$9:$O$153,MATCH(I$2,Data!$B$9:$O$9,0),0),"") | J46: =IFERROR(VLOOKUP($B46,Data!$B$9:$O$153,MATCH(J$2,Data!$B$9:$O$9,0),0),"") | K46: 40819 | M46: 40844 | R46: =IF((P46=""),"",IF((WEEKDAY(P46,2)=1),"Monday",IF((WEEKDAY(P46,2)=2),"Tuesday",IF((WEEKDAY(P46,2)=3),"Wednesday",IF((WEEKDAY(P46,2)=4),"Thursday",IF((WEEKDAY(P46,2)=5),"Friday","Weekend")))))) | T46: =IF(OR((L46=""),(K46="")),"",(L46-K46)) | U46: =IF(OR((M46=""),(L46="")),"",(M46-L46)) | V46: =IF(OR((N46=""),(M46="")),"",(N46-M46)) | W46: =IF(OR((O46=""),(N46="")),"",(O46-N46)) | X46: =IF(OR((P46=""),(O46="")),"",(P46-O46)) | Y46: =IF(OR((P46=""),(K46="")),"",(P46-K46))
B47: goobersmooches | C47: ED | D47: =IF((P47>0),"Decision",IF((O47>0),"Complete",IF((N47>0),"Interviewed",IF((M47>0),"Invite",IF((L47>0),"Review","Applied"))))) -> Review | E47: =IFERROR(VLOOKUP($B47,Data!$B$9:$O$153,MATCH(E$2,Data!$B$9:$O$9,0),0),"") | F47: =IFERROR(VLOOKUP($B47,Data!$B$9:$O$153,MATCH(F$2,Data!$B$9:$O$9,0),0),"") | G47: =IFERROR(VLOOKUP($B47,Data!$B$9:$O$153,MATCH(G$2,Data!$B$9:$O$9,0),0),"") | H47: =IFERROR(VLOOKUP($B47,Data!$B$9:$O$153,MATCH(H$2,Data!$B$9:$O$9,0),0),"") | I47: =IFERROR(VLOOKUP($B47,Data!$B$9:$O$153,MATCH(I$2,Data!$B$9:$O$9,0),0),"") | J47: =IFERROR(VLOOKUP($B47,Data!$B$9:$O$153,MATCH(J$2,Data!$B$9:$O$9,0),0),"") | K47: 40820 | L47: 40823 | R47: =IF((P47=""),"",IF((WEEKDAY(P47,2)=1),"Monday",IF((WEEKDAY(P47,2)=2),"Tuesday",IF((WEEKDAY(P47,2)=3),"Wednesday",IF((WEEKDAY(P47,2)=4),"Thursday",IF((WEEKDAY(P47,2)=5),"Friday","Weekend")))))) | S47: Y | T47: =IF(OR((L47=""),(K47="")),"",(L47-K47)) -> 3 | U47: =IF(OR((M47=""),(L47="")),"",(M47-L47)) | V47: =IF(OR((N47=""),(M47="")),"",(N47-M47)) | W47: =IF(OR((O47=""),(N47="")),"",(O47-N47)) | X47: =IF(OR((P47=""),(O47="")),"",(P47-O47)) | Y47: =IF(OR((P47=""),(K47="")),"",(P47-K47))
B48: psdg5 | C48: ED | D48: =IF((P48>0),"Decision",IF((O48>0),"Complete",IF((N48>0),"Interviewed",IF((M48>0),"Invite",IF((L48>0),"Review","Applied"))))) -> Review | E48: =IFERROR(VLOOKUP($B48,Data!$B$9:$O$153,MATCH(E$2,Data!$B$9:$O$9,0),0),"") | F48: =IFERROR(VLOOKUP($B48,Data!$B$9:$O$153,MATCH(F$2,Data!$B$9:$O$9,0),0),"") | G48: =IFERROR(VLOOKUP($B48,Data!$B$9:$O$153,MATCH(G$2,Data!$B$9:$O$9,0),0),"") | H48: =IFERROR(VLOOKUP($B48,Data!$B$9:$O$153,MATCH(H$2,Data!$B$9:$O$9,0),0),"") | I48: =IFERROR(VLOOKUP($B48,Data!$B$9:$O$153,MATCH(I$2,Data!$B$9:$O$9,0),0),"") | J48: =IFERROR(VLOOKUP($B48,Data!$B$9:$O$153,MATCH(J$2,Data!$B$9:$O$9,0),0),"") | K48: 40820 | L48: 40823 | R48: =IF((P48=""),"",IF((WEEKDAY(P48,2)=1),"Monday",IF((WEEKDAY(P48,2)=2),"Tuesday",IF((WEEKDAY(P48,2)=3),"Wednesday",IF((WEEKDAY(P48,2)=4),"Thursday",IF((WEEKDAY(P48,2)=5),"Friday","Weekend")))))) | T48: =IF(OR((L48=""),(K48="")),"",(L48-K48)) -> 3 | U48: =IF(OR((M48=""),(L48="")),"",(M48-L48)) | V48: =IF(OR((N48=""),(M48="")),"",(N48-M48)) | W48: =IF(OR((O48=""),(N48="")),"",(O48-N48)) | X48: =IF(OR((P48=""),(O48="")),"",(P48-O48)) | Y48: =IF(OR((P48=""),(K48="")),"",(P48-K48))
B49: Trader4Life | C49: ED | D49: =IF((P49>0),"Decision",IF((O49>0),"Complete",IF((N49>0),"Interviewed",IF((M49>0),"Invite",IF((L49>0),"Review","Applied"))))) -> Review | E49: =IFERROR(VLOOKUP($B49,Data!$B$9:$O$153,MATCH(E$2,Data!$B$9:$O$9,0),0),"") | F49: =IFERROR(VLOOKUP($B49,Data!$B$9:$O$153,MATCH(F$2,Data!$B$9:$O$9,0),0),"") | G49: =IFERROR(VLOOKUP($B49,Data!$B$9:$O$153,MATCH(G$2,Data!$B$9:$O$9,0),0),"") | H49: =IFERROR(VLOOKUP($B49,Data!$B$9:$O$153,MATCH(H$2,Data!$B$9:$O$9,0),0),"") | I49: =IFERROR(VLOOKUP($B49,Data!$B$9:$O$153,MATCH(I$2,Data!$B$9:$O$9,0),0),"") | J49: =IFERROR(VLOOKUP($B49,Data!$B$9:$O$153,MATCH(J$2,Data!$B$9:$O$9,0),0),"") | K49: 40820 | L49: 40821 | R49: =IF((P49=""),"",IF((WEEKDAY(P49,2)=1),"Monday",IF((WEEKDAY(P49,2)=2),"Tuesday",IF((WEEKDAY(P49,2)=3),"Wednesday",IF((WEEKDAY(P49,2)=4),"Thursday",IF((WEEKDAY(P49,2)=5),"Friday","Weekend")))))) | T49: =IF(OR((L49=""),(K49="")),"",(L49-K49)) -> 1 | U49: =IF(OR((M49=""),(L49="")),"",(M49-L49)) | V49: =IF(OR((N49=""),(M49="")),"",(N49-M49)) | W49: =IF(OR((O49=""),(N49="")),"",(O49-N49)) | X49: =IF(OR((P49=""),(O49="")),"",(P49-O49)) | Y49: =IF(OR((P49=""),(K49="")),"",(P49-K49))
B50: visu83 | C50: ED | D50: =IF((P50>0),"Decision",IF((O50>0),"Complete",IF((N50>0),"Interviewed",IF((M50>0),"Invite",IF((L50>0),"Review","Applied"))))) -> Review | E50: =IFERROR(VLOOKUP($B50,Data!$B$9:$O$153,MATCH(E$2,Data!$B$9:$O$9,0),0),"") | F50: =IFERROR(VLOOKUP($B50,Data!$B$9:$O$153,MATCH(F$2,Data!$B$9:$O$9,0),0),"") | G50: =IFERROR(VLOOKUP($B50,Data!$B$9:$O$153,MATCH(G$2,Data!$B$9:$O$9,0),0),"") | H50: =IFERROR(VLOOKUP($B50,Data!$B$9:$O$153,MATCH(H$2,Data!$B$9:$O$9,0),0),"") | I50: =IFERROR(VLOOKUP($B50,Data!$B$9:$O$153,MATCH(I$2,Data!$B$9:$O$9,0),0),"") | J50: =IFERROR(VLOOKUP($B50,Data!$B$9:$O$153,MATCH(J$2,Data!$B$9:$O$9,0),0),"") | K50: 40820 | L50: 40821 | R50: =IF((P50=""),"",IF((WEEKDAY(P50,2)=1),"Monday",IF((WEEKDAY(P50,2)=2),"Tuesday",IF((WEEKDAY(P50,2)=3),"Wednesday",IF((WEEKDAY(P50,2)=4),"Thursday",IF((WEEKDAY(P50,2)=5),"Friday","Weekend")))))) | T50: =IF(OR((L50=""),(K50="")),"",(L50-K50)) -> 1 | U50: =IF(OR((M50=""),(L50="")),"",(M50-L50)) | V50: =IF(OR((N50=""),(M50="")),"",(N50-M50)) | W50: =IF(OR((O50=""),(N50="")),"",(O50-N50)) | X50: =IF(OR((P50=""),(O50="")),"",(P50-O50)) | Y50: =IF(OR((P50=""),(K50="")),"",(P50-K50))
B51: adiman | C51: ED | D51: =IF((P51>0),"Decision",IF((O51>0),"Complete",IF((N51>0),"Interviewed",IF((M51>0),"Invite",IF((L51>0),"Review","Applied"))))) -> Review | E51: =IFERROR(VLOOKUP($B51,Data!$B$9:$O$153,MATCH(E$2,Data!$B$9:$O$9,0),0),"") -> 28 | F51: =IFERROR(VLOOKUP($B51,Data!$B$9:$O$153,MATCH(F$2,Data!$B$9:$O$9,0),0),"") -> 3.4 | G51: =IFERROR(VLOOKUP($B51,Data!$B$9:$O$153,MATCH(G$2,Data!$B$9:$O$9,0),0),"") -> 750 | H51: =IFERROR(VLOOKUP($B51,Data!$B$9:$O$153,MATCH(H$2,Data!$B$9:$O$9,0),0),"") -> 4 | I51: =IFERROR(VLOOKUP($B51,Data!$B$9:$O$153,MATCH(I$2,Data!$B$9:$O$9,0),0),"") -> Other | J51: =IFERROR(VLOOKUP($B51,Data!$B$9:$O$153,MATCH(J$2,Data!$B$9:$O$9,0),0),"") -> Strategy | K51: 40821 | L51: 40829 | R51: =IF((P51=""),"",IF((WEEKDAY(P51,2)=1),"Monday",IF((WEEKDAY(P51,2)=2),"Tuesday",IF((WEEKDAY(P51,2)=3),"Wednesday",IF((WEEKDAY(P51,2)=4),"Thursday",IF((WEEKDAY(P51,2)=5),"Friday","Weekend")))))) | T51: =IF(OR((L51=""),(K51="")),"",(L51-K51)) -> 8 | U51: =IF(OR((M51=""),(L51="")),"",(M51-L51)) | V51: =IF(OR((N51=""),(M51="")),"",(N51-M51)) | W51: =IF(OR((O51=""),(N51="")),"",(O51-N51)) | X51: =IF(OR((P51=""),(O51="")),"",(P51-O51)) | Y51: =IF(OR((P51=""),(K51="")),"",(P51-K51))
B52: americanInAsia | C52: ED | D52: =IF((P52>0),"Decision",IF((O52>0),"Complete",IF((N52>0),"Interviewed",IF((M52>0),"Invite",IF((L52>0),"Review","Applied"))))) -> Complete | E52: =IFERROR(VLOOKUP($B52,Data!$B$9:$O$153,MATCH(E$2,Data!$B$9:$O$9,0),0),"") -> 26 | F52: =IFERROR(VLOOKUP($B52,Data!$B$9:$O$153,MATCH(F$2,Data!$B$9:$O$9,0),0),"") -> 3.1 | G52: =IFERROR(VLOOKUP($B52,Data!$B$9:$O$153,MATCH(G$2,Data!$B$9:$O$9,0),0),"") -> 680 | H52: =IFERROR(VLOOKUP($B52,Data!$B$9:$O$153,MATCH(H$2,Data!$B$9:$O$9,0),0),"") -> 4 | I52: =IFERROR(VLOOKUP($B52,Data!$B$9:$O$153,MATCH(I$2,Data!$B$9:$O$9,0),0),"") -> Investment Banking | J52: =IFERROR(VLOOKUP($B52,Data!$B$9:$O$153,MATCH(J$2,Data!$B$9:$O$9,0),0),"") -> Finance | K52: 40821 | L52: 40823 | M52: 40829 | N52: 40837 | O52: 40840 | R52: =IF((P52=""),"",IF((WEEKDAY(P52,2)=1),"Monday",IF((WEEKDAY(P52,2)=2),"Tuesday",IF((WEEKDAY(P52,2)=3),"Wednesday",IF((WEEKDAY(P52,2)=4),"Thursday",IF((WEEKDAY(P52,2)=5),"Friday","Weekend")))))) | T52: =IF(OR((L52=""),(K52="")),"",(L52-K52)) -> 2 | U52: =IF(OR((M52=""),(L52="")),"",(M52-L52)) -> 6 | V52: =IF(OR((N52=""),(M52="")),"",(N52-M52)) -> 8 | W52: =IF(OR((O52=""),(N52="")),"",(O52-N52)) -> 3 | X52: =IF(OR((P52=""),(O52="")),"",(P52-O52)) | Y52: =IF(OR((P52=""),(K52="")),"",(P52-K52))
B53: Deckard22 | C53: ED | D53: =IF((P53>0),"Decision",IF((O53>0),"Complete",IF((N53>0),"Interviewed",IF((M53>0),"Invite",IF((L53>0),"Review","Applied"))))) -> Interviewed | E53: =IFERROR(VLOOKUP($B53,Data!$B$9:$O$153,MATCH(E$2,Data!$B$9:$O$9,0),0),"") | F53: =IFERROR(VLOOKUP($B53,Data!$B$9:$O$153,MATCH(F$2,Data!$B$9:$O$9,0),0),"") | G53: =IFERROR(VLOOKUP($B53,Data!$B$9:$O$153,MATCH(G$2,Data!$B$9:$O$9,0),0),"") | H53: =IFERROR(VLOOKUP($B53,Data!$B$9:$O$153,MATCH(H$2,Data!$B$9:$O$9,0),0),"") | I53: =IFERROR(VLOOKUP($B53,Data!$B$9:$O$153,MATCH(I$2,Data!$B$9:$O$9,0),0),"") | J53: =IFERROR(VLOOKUP($B53,Data!$B$9:$O$153,MATCH(J$2,Data!$B$9:$O$9,0),0),"") | K53: 40821 | L53: 40826 | M53: 40829 | N53: 40847 | R53: =IF((P53=""),"",IF((WEEKDAY(P53,2)=1),"Monday",IF((WEEKDAY(P53,2)=2),"Tuesday",IF((WEEKDAY(P53,2)=3),"Wednesday",IF((WEEKDAY(P53,2)=4),"Thursday",IF((WEEKDAY(P53,2)=5),"Friday","Weekend")))))) | T53: =IF(OR((L53=""),(K53="")),"",(L53-K53)) -> 5 | U53: =IF(OR((M53=""),(L53="")),"",(M53-L53)) -> 3 | V53: =IF(OR((N53=""),(M53="")),"",(N53-M53)) -> 18 | W53: =IF(OR((O53=""),(N53="")),"",(O53-N53)) | X53: =IF(OR((P53=""),(O53="")),"",(P53-O53)) | Y53: =IF(OR((P53=""),(K53="")),"",(P53-K53))
B54: gargamel | C54: ED | D54: =IF((P54>0),"Decision",IF((O54>0),"Complete",IF((N54>0),"Interviewed",IF((M54>0),"Invite",IF((L54>0),"Review","Applied"))))) -> Review | E54: =IFERROR(VLOOKUP($B54,Data!$B$9:$O$153,MATCH(E$2,Data!$B$9:$O$9,0),0),"") | F54: =IFERROR(VLOOKUP($B54,Data!$B$9:$O$153,MATCH(F$2,Data!$B$9:$O$9,0),0),"") | G54: =IFERROR(VLOOKUP($B54,Data!$B$9:$O$153,MATCH(G$2,Data!$B$9:$O$9,0),0),"") | H54: =IFERROR(VLOOKUP($B54,Data!$B$9:$O$153,MATCH(H$2,Data!$B$9:$O$9,0),0),"") | I54: =IFERROR(VLOOKUP($B54,Data!$B$9:$O$153,MATCH(I$2,Data!$B$9:$O$9,0),0),"") | J54: =IFERROR(VLOOKUP($B54,Data!$B$9:$O$153,MATCH(J$2,Data!$B$9:$O$9,0),0),"") | K54: 40821 | L54: 40826 | R54: =IF((P54=""),"",IF((WEEKDAY(P54,2)=1),"Monday",IF((WEEKDAY(P54,2)=2),"Tuesday",IF((WEEKDAY(P54,2)=3),"Wednesday",IF((WEEKDAY(P54,2)=4),"Thursday",IF((WEEKDAY(P54,2)=5),"Friday","Weekend")))))) | T54: =IF(OR((L54=""),(K54="")),"",(L54-K54)) -> 5 | U54: =IF(OR((M54=""),(L54="")),"",(M54-L54)) | V54: =IF(OR((N54=""),(M54="")),"",(N54-M54)) | W54: =IF(OR((O54=""),(N54="")),"",(O54-N54)) | X54: =IF(OR((P54=""),(O54="")),"",(P54-O54)) | Y54: =IF(OR((P54=""),(K54="")),"",(P54-K54))
B55: happyface | C55: ED | D55: =IF((P55>0),"Decision",IF((O55>0),"Complete",IF((N55>0),"Interviewed",IF((M55>0),"Invite",IF((L55>0),"Review","Applied"))))) -> Review | E55: =IFERROR(VLOOKUP($B55,Data!$B$9:$O$153,MATCH(E$2,Data!$B$9:$O$9,0),0),"") | F55: =IFERROR(VLOOKUP($B55,Data!$B$9:$O$153,MATCH(F$2,Data!$B$9:$O$9,0),0),"") | G55: =IFERROR(VLOOKUP($B55,Data!$B$9:$O$153,MATCH(G$2,Data!$B$9:$O$9,0),0),"") | H55: =IFERROR(VLOOKUP($B55,Data!$B$9:$O$153,MATCH(H$2,Data!$B$9:$O$9,0),0),"") | I55: =IFERROR(VLOOKUP($B55,Data!$B$9:$O$153,MATCH(I$2,Data!$B$9:$O$9,0),0),"") | J55: =IFERROR(VLOOKUP($B55,Data!$B$9:$O$153,MATCH(J$2,Data!$B$9:$O$9,0),0),"") | K55: 40821 | L55: 40828 | R55: =IF((P55=""),"",IF((WEEKDAY(P55,2)=1),"Monday",IF((WEEKDAY(P55,2)=2),"Tuesday",IF((WEEKDAY(P55,2)=3),"Wednesday",IF((WEEKDAY(P55,2)=4),"Thursday",IF((WEEKDAY(P55,2)=5),"Friday","Weekend")))))) | T55: =IF(OR((L55=""),(K55="")),"",(L55-K55)) -> 7 | U55: =IF(OR((M55=""),(L55="")),"",(M55-L55)) | V55: =IF(OR((N55=""),(M55="")),"",(N55-M55)) | W55: =IF(OR((O55=""),(N55="")),"",(O55-N55)) | X55: =IF(OR((P55=""),(O55="")),"",(P55-O55)) | Y55: =IF(OR((P55=""),(K55="")),"",(P55-K55))
B56: kannyg | C56: ED | D56: =IF((P56>0),"Decision",IF((O56>0),"Complete",IF((N56>0),"Interviewed",IF((M56>0),"Invite",IF((L56>0),"Review","Applied"))))) -> Review | E56: =IFERROR(VLOOKUP($B56,Data!$B$9:$O$153,MATCH(E$2,Data!$B$9:$O$9,0),0),"") -> 29 | F56: =IFERROR(VLOOKUP($B56,Data!$B$9:$O$153,MATCH(F$2,Data!$B$9:$O$9,0),0),"") -> 3 | G56: =IFERROR(VLOOKUP($B56,Data!$B$9:$O$153,MATCH(G$2,Data!$B$9:$O$9,0),0),"") -> 720 | H56: =IFERROR(VLOOKUP($B56,Data!$B$9:$O$153,MATCH(H$2,Data!$B$9:$O$9,0),0),"") -> 7 | I56: =IFERROR(VLOOKUP($B56,Data!$B$9:$O$153,MATCH(I$2,Data!$B$9:$O$9,0),0),"") -> Transportation | J56: =IFERROR(VLOOKUP($B56,Data!$B$9:$O$153,MATCH(J$2,Data!$B$9:$O$9,0),0),"") -> 0 | K56: 40821 | L56: 40828 | R56: =IF((P56=""),"",IF((WEEKDAY(P56,2)=1),"Monday",IF((WEEKDAY(P56,2)=2),"Tuesday",IF((WEEKDAY(P56,2)=3),"Wednesday",IF((WEEKDAY(P56,2)=4),"Thursday",IF((WEEKDAY(P56,2)=5),"Friday","Weekend")))))) | T56: =IF(OR((L56=""),(K56="")),"",(L56-K56)) -> 7 | U56: =IF(OR((M56=""),(L56="")),"",(M56-L56)) | V56: =IF(OR((N56=""),(M56="")),"",(N56-M56)) | W56: =IF(OR((O56=""),(N56="")),"",(O56-N56)) | X56: =IF(OR((P56=""),(O56="")),"",(P56-O56)) | Y56: =IF(OR((P56=""),(K56="")),"",(P56-K56))
B57: kjmba2012 | C57: ED | D57: =IF((P57>0),"Decision",IF((O57>0),"Complete",IF((N57>0),"Interviewed",IF((M57>0),"Invite",IF((L57>0),"Review","Applied"))))) -> Complete | E57: =IFERROR(VLOOKUP($B57,Data!$B$9:$O$153,MATCH(E$2,Data!$B$9:$O$9,0),0),"") | F57: =IFERROR(VLOOKUP($B57,Data!$B$9:$O$153,MATCH(F$2,Data!$B$9:$O$9,0),0),"") | G57: =IFERROR(VLOOKUP($B57,Data!$B$9:$O$153,MATCH(G$2,Data!$B$9:$O$9,0),0),"") | H57: =IFERROR(VLOOKUP($B57,Data!$B$9:$O$153,MATCH(H$2,Data!$B$9:$O$9,0),0),"") | I57: =IFERROR(VLOOKUP($B57,Data!$B$9:$O$153,MATCH(I$2,Data!$B$9:$O$9,0),0),"") | J57: =IFERROR(VLOOKUP($B57,Data!$B$9:$O$153,MATCH(J$2,Data!$B$9:$O$9,0),0),"") | K57: 40821 | L57: 40828 | M57: 40833 | N57: 40842 | O57: 40843 | R57: =IF((P57=""),"",IF((WEEKDAY(P57,2)=1),"Monday",IF((WEEKDAY(P57,2)=2),"Tuesday",IF((WEEKDAY(P57,2)=3),"Wednesday",IF((WEEKDAY(P57,2)=4),"Thursday",IF((WEEKDAY(P57,2)=5),"Friday","Weekend")))))) | T57: =IF(OR((L57=""),(K57="")),"",(L57-K57)) -> 7 | U57: =IF(OR((M57=""),(L57="")),"",(M57-L57)) -> 5 | V57: =IF(OR((N57=""),(M57="")),"",(N57-M57)) -> 9 | W57: =IF(OR((O57=""),(N57="")),"",(O57-N57)) -> 1 | X57: =IF(OR((P57=""),(O57="")),"",(P57-O57)) | Y57: =IF(OR((P57=""),(K57="")),"",(P57-K57))
B58: kkkatl | C58: ED | D58: =IF((P58>0),"Decision",IF((O58>0),"Complete",IF((N58>0),"Interviewed",IF((M58>0),"Invite",IF((L58>0),"Review","Applied"))))) -> Invite | E58: =IFERROR(VLOOKUP($B58,Data!$B$9:$O$153,MATCH(E$2,Data!$B$9:$O$9,0),0),"") | F58: =IFERROR(VLOOKUP($B58,Data!$B$9:$O$153,MATCH(F$2,Data!$B$9:$O$9,0),0),"") | G58: =IFERROR(VLOOKUP($B58,Data!$B$9:$O$153,MATCH(G$2,Data!$B$9:$O$9,0),0),"") | H58: =IFERROR(VLOOKUP($B58,Data!$B$9:$O$153,MATCH(H$2,Data!$B$9:$O$9,0),0),"") | I58: =IFERROR(VLOOKUP($B58,Data!$B$9:$O$153,MATCH(I$2,Data!$B$9:$O$9,0),0),"") | J58: =IFERROR(VLOOKUP($B58,Data!$B$9:$O$153,MATCH(J$2,Data!$B$9:$O$9,0),0),"") | K58: 40821 | L58: 40826 | M58: 40844 | R58: =IF((P58=""),"",IF((WEEKDAY(P58,2)=1),"Monday",IF((WEEKDAY(P58,2)=2),"Tuesday",IF((WEEKDAY(P58,2)=3),"Wednesday",IF((WEEKDAY(P58,2)=4),"Thursday",IF((WEEKDAY(P58,2)=5),"Friday","Weekend")))))) | T58: =IF(OR((L58=""),(K58="")),"",(L58-K58)) -> 5 | U58: =IF(OR((M58=""),(L58="")),"",(M58-L58)) -> 18 | V58: =IF(OR((N58=""),(M58="")),"",(N58-M58)) | W58: =IF(OR((O58=""),(N58="")),"",(O58-N58)) | X58: =IF(OR((P58=""),(O58="")),"",(P58-O58)) | Y58: =IF(OR((P58=""),(K58="")),"",(P58-K58))
B59: m397 | C59: ED | D59: =IF((P59>0),"Decision",IF((O59>0),"Complete",IF((N59>0),"Interviewed",IF((M59>0),"Invite",IF((L59>0),"Review","Applied"))))) -> Review | E59: =IFERROR(VLOOKUP($B59,Data!$B$9:$O$153,MATCH(E$2,Data!$B$9:$O$9,0),0),"") | F59: =IFERROR(VLOOKUP($B59,Data!$B$9:$O$153,MATCH(F$2,Data!$B$9:$O$9,0),0),"") | G59: =IFERROR(VLOOKUP($B59,Data!$B$9:$O$153,MATCH(G$2,Data!$B$9:$O$9,0),0),"") | H59: =IFERROR(VLOOKUP($B59,Data!$B$9:$O$153,MATCH(H$2,Data!$B$9:$O$9,0),0),"") | I59: =IFERROR(VLOOKUP($B59,Data!$B$9:$O$153,MATCH(I$2,Data!$B$9:$O$9,0),0),"") | J59: =IFERROR(VLOOKUP($B59,Data!$B$9:$O$153,MATCH(J$2,Data!$B$9:$O$9,0),0),"") | K59: 40821 | L59: 40826 | R59: =IF((P59=""),"",IF((WEEKDAY(P59,2)=1),"Monday",IF((WEEKDAY(P59,2)=2),"Tuesday",IF((WEEKDAY(P59,2)=3),"Wednesday",IF((WEEKDAY(P59,2)=4),"Thursday",IF((WEEKDAY(P59,2)=5),"Friday","Weekend")))))) | T59: =IF(OR((L59=""),(K59="")),"",(L59-K59)) -> 5 | U59: =IF(OR((M59=""),(L59="")),"",(M59-L59)) | V59: =IF(OR((N59=""),(M59="")),"",(N59-M59)) | W59: =IF(OR((O59=""),(N59="")),"",(O59-N59)) | X59: =IF(OR((P59=""),(O59="")),"",(P59-O59)) | Y59: =IF(OR((P59=""),(K59="")),"",(P59-K59))
B60: mauro | C60: ED | D60: =IF((P60>0),"Decision",IF((O60>0),"Complete",IF((N60>0),"Interviewed",IF((M60>0),"Invite",IF((L60>0),"Review","Applied"))))) -> Invite | E60: =IFERROR(VLOOKUP($B60,Data!$B$9:$O$153,MATCH(E$2,Data!$B$9:$O$9,0),0),"") | F60: =IFERROR(VLOOKUP($B60,Data!$B$9:$O$153,MATCH(F$2,Data!$B$9:$O$9,0),0),"") | G60: =IFERROR(VLOOKUP($B60,Data!$B$9:$O$153,MATCH(G$2,Data!$B$9:$O$9,0),0),"") | H60: =IFERROR(VLOOKUP($B60,Data!$B$9:$O$153,MATCH(H$2,Data!$B$9:$O$9,0),0),"") | I60: =IFERROR(VLOOKUP($B60,Data!$B$9:$O$153,MATCH(I$2,Data!$B$9:$O$9,0),0),"") | J60: =IFERROR(VLOOKUP($B60,Data!$B$9:$O$153,MATCH(J$2,Data!$B$9:$O$9,0),0),"") | K60: 40821 | M60: 40844 | R60: =IF((P60=""),"",IF((WEEKDAY(P60,2)=1),"Monday",IF((WEEKDAY(P60,2)=2),"Tuesday",IF((WEEKDAY(P60,2)=3),"Wednesday",IF((WEEKDAY(P60,2)=4),"Thursday",IF((WEEKDAY(P60,2)=5),"Friday","Weekend")))))) | T60: =IF(OR((L60=""),(K60="")),"",(L60-K60)) | U60: =IF(OR((M60=""),(L60="")),"",(M60-L60)) | V60: =IF(OR((N60=""),(M60="")),"",(N60-M60)) | W60: =IF(OR((O60=""),(N60="")),"",(O60-N60)) | X60: =IF(OR((P60=""),(O60="")),"",(P60-O60)) | Y60: =IF(OR((P60=""),(K60="")),"",(P60-K60))
B61: MisterQ | C61: ED | D61: =IF((P61>0),"Decision",IF((O61>0),"Complete",IF((N61>0),"Interviewed",IF((M61>0),"Invite",IF((L61>0),"Review","Applied"))))) -> Decision | E61: =IFERROR(VLOOKUP($B61,Data!$B$9:$O$153,MATCH(E$2,Data!$B$9:$O$9,0),0),"") | F61: =IFERROR(VLOOKUP($B61,Data!$B$9:$O$153,MATCH(F$2,Data!$B$9:$O$9,0),0),"") | G61: =IFERROR(VLOOKUP($B61,Data!$B$9:$O$153,MATCH(G$2,Data!$B$9:$O$9,0),0),"") | H61: =IFERROR(VLOOKUP($B61,Data!$B$9:$O$153,MATCH(H$2,Data!$B$9:$O$9,0),0),"") | I61: =IFERROR(VLOOKUP($B61,Data!$B$9:$O$153,MATCH(I$2,Data!$B$9:$O$9,0),0),"") | J61: =IFERROR(VLOOKUP($B61,Data!$B$9:$O$153,MATCH(J$2,Data!$B$9:$O$9,0),0),"") | K61: 40821 | P61: 40847 | Q61: Reject w/o Interview | R61: =IF((P61=""),"",IF((WEEKDAY(P61,2)=1),"Monday",IF((WEEKDAY(P61,2)=2),"Tuesday",IF((WEEKDAY(P61,2)=3),"Wednesday",IF((WEEKDAY(P61,2)=4),"Thursday",IF((WEEKDAY(P61,2)=5),"Friday","Weekend")))))) -> Monday | T61: =IF(OR((L61=""),(K61="")),"",(L61-K61)) | U61: =IF(OR((M61=""),(L61="")),"",(M61-L61)) | V61: =IF(OR((N61=""),(M61="")),"",(N61-M61)) | W61: =IF(OR((O61=""),(N61="")),"",(O61-N61)) | X61: =IF(OR((P61=""),(O61="")),"",(P61-O61)) | Y61: =IF(OR((P61=""),(K61="")),"",(P61-K61)) -> 26
B62: msduygu | C62: ED | D62: =IF((P62>0),"Decision",IF((O62>0),"Complete",IF((N62>0),"Interviewed",IF((M62>0),"Invite",IF((L62>0),"Review","Applied"))))) -> Review | E62: =IFERROR(VLOOKUP($B62,Data!$B$9:$O$153,MATCH(E$2,Data!$B$9:$O$9,0),0),"") | F62: =IFERROR(VLOOKUP($B62,Data!$B$9:$O$153,MATCH(F$2,Data!$B$9:$O$9,0),0),"") | G62: =IFERROR(VLOOKUP($B62,Data!$B$9:$O$153,MATCH(G$2,Data!$B$9:$O$9,0),0),"") | H62: =IFERROR(VLOOKUP($B62,Data!$B$9:$O$153,MATCH(H$2,Data!$B$9:$O$9,0),0),"") | I62: =IFERROR(VLOOKUP($B62,Data!$B$9:$O$153,MATCH(I$2,Data!$B$9:$O$9,0),0),"") | J62: =IFERROR(VLOOKUP($B62,Data!$B$9:$O$153,MATCH(J$2,Data!$B$9:$O$9,0),0),"") | K62: 40821 | L62: 40828 | R62: =IF((P62=""),"",IF((WEEKDAY(P62,2)=1),"Monday",IF((WEEKDAY(P62,2)=2),"Tuesday",IF((WEEKDAY(P62,2)=3),"Wednesday",IF((WEEKDAY(P62,2)=4),"Thursday",IF((WEEKDAY(P62,2)=5),"Friday","Weekend")))))) | T62: =IF(OR((L62=""),(K62="")),"",(L62-K62)) -> 7 | U62: =IF(OR((M62=""),(L62="")),"",(M62-L62)) | V62: =IF(OR((N62=""),(M62="")),"",(N62-M62)) | W62: =IF(OR((O62=""),(N62="")),"",(O62-N62)) | X62: =IF(OR((P62=""),(O62="")),"",(P62-O62)) | Y62: =IF(OR((P62=""),(K62="")),"",(P62-K62))
B63: mx | C63: ED | D63: =IF((P63>0),"Decision",IF((O63>0),"Complete",IF((N63>0),"Interviewed",IF((M63>0),"Invite",IF((L63>0),"Review","Applied"))))) -> Review | E63: =IFERROR(VLOOKUP($B63,Data!$B$9:$O$153,MATCH(E$2,Data!$B$9:$O$9,0),0),"") | F63: =IFERROR(VLOOKUP($B63,Data!$B$9:$O$153,MATCH(F$2,Data!$B$9:$O$9,0),0),"") | G63: =IFERROR(VLOOKUP($B63,Data!$B$9:$O$153,MATCH(G$2,Data!$B$9:$O$9,0),0),"") | H63: =IFERROR(VLOOKUP($B63,Data!$B$9:$O$153,MATCH(H$2,Data!$B$9:$O$9,0),0),"") | I63: =IFERROR(VLOOKUP($B63,Data!$B$9:$O$153,MATCH(I$2,Data!$B$9:$O$9,0),0),"") | J63: =IFERROR(VLOOKUP($B63,Data!$B$9:$O$153,MATCH(J$2,Data!$B$9:$O$9,0),0),"") | K63: 40821 | L63: 40826 | R63: =IF((P63=""),"",IF((WEEKDAY(P63,2)=1),"Monday",IF((WEEKDAY(P63,2)=2),"Tuesday",IF((WEEKDAY(P63,2)=3),"Wednesday",IF((WEEKDAY(P63,2)=4),"Thursday",IF((WEEKDAY(P63,2)=5),"Friday","Weekend")))))) | T63: =IF(OR((L63=""),(K63="")),"",(L63-K63)) -> 5 | U63: =IF(OR((M63=""),(L63="")),"",(M63-L63)) | V63: =IF(OR((N63=""),(M63="")),"",(N63-M63)) | W63: =IF(OR((O63=""),(N63="")),"",(O63-N63)) | X63: =IF(OR((P63=""),(O63="")),"",(P63-O63)) | Y63: =IF(OR((P63=""),(K63="")),"",(P63-K63))
B64: PTK | C64: ED | D64: =IF((P64>0),"Decision",IF((O64>0),"Complete",IF((N64>0),"Interviewed",IF((M64>0),"Invite",IF((L64>0),"Review","Applied"))))) -> Applied | E64: =IFERROR(VLOOKUP($B64,Data!$B$9:$O$153,MATCH(E$2,Data!$B$9:$O$9,0),0),"") | F64: =IFERROR(VLOOKUP($B64,Data!$B$9:$O$153,MATCH(F$2,Data!$B$9:$O$9,0),0),"") | G64: =IFERROR(VLOOKUP($B64,Data!$B$9:$O$153,MATCH(G$2,Data!$B$9:$O$9,0),0),"") | H64: =IFERROR(VLOOKUP($B64,Data!$B$9:$O$153,MATCH(H$2,Data!$B$9:$O$9,0),0),"") | I64: =IFERROR(VLOOKUP($B64,Data!$B$9:$O$153,MATCH(I$2,Data!$B$9:$O$9,0),0),"") | J64: =IFERROR(VLOOKUP($B64,Data!$B$9:$O$153,MATCH(J$2,Data!$B$9:$O$9,0),0),"") | K64: 40821 | R64: =IF((P64=""),"",IF((WEEKDAY(P64,2)=1),"Monday",IF((WEEKDAY(P64,2)=2),"Tuesday",IF((WEEKDAY(P64,2)=3),"Wednesday",IF((WEEKDAY(P64,2)=4),"Thursday",IF((WEEKDAY(P64,2)=5),"Friday","Weekend")))))) | T64: =IF(OR((L64=""),(K64="")),"",(L64-K64)) | U64: =IF(OR((M64=""),(L64="")),"",(M64-L64)) | V64: =IF(OR((N64=""),(M64="")),"",(N64-M64)) | W64: =IF(OR((O64=""),(N64="")),"",(O64-N64)) | X64: =IF(OR((P64=""),(O64="")),"",(P64-O64)) | Y64: =IF(OR((P64=""),(K64="")),"",(P64-K64))
B65: tlbkcal | C65: ED | D65: =IF((P65>0),"Decision",IF((O65>0),"Complete",IF((N65>0),"Interviewed",IF((M65>0),"Invite",IF((L65>0),"Review","Applied"))))) -> Applied | E65: =IFERROR(VLOOKUP($B65,Data!$B$9:$O$153,MATCH(E$2,Data!$B$9:$O$9,0),0),"") | F65: =IFERROR(VLOOKUP($B65,Data!$B$9:$O$153,MATCH(F$2,Data!$B$9:$O$9,0),0),"") | G65: =IFERROR(VLOOKUP($B65,Data!$B$9:$O$153,MATCH(G$2,Data!$B$9:$O$9,0),0),"") | H65: =IFERROR(VLOOKUP($B65,Data!$B$9:$O$153,MATCH(H$2,Data!$B$9:$O$9,0),0),"") | I65: =IFERROR(VLOOKUP($B65,Data!$B$9:$O$153,MATCH(I$2,Data!$B$9:$O$9,0),0),"") | J65: =IFERROR(VLOOKUP($B65,Data!$B$9:$O$153,MATCH(J$2,Data!$B$9:$O$9,0),0),"") | K65: 40821 | R65: =IF((P65=""),"",IF((WEEKDAY(P65,2)=1),"Monday",IF((WEEKDAY(P65,2)=2),"Tuesday",IF((WEEKDAY(P65,2)=3),"Wednesday",IF((WEEKDAY(P65,2)=4),"Thursday",IF((WEEKDAY(P65,2)=5),"Friday","Weekend")))))) | T65: =IF(OR((L65=""),(K65="")),"",(L65-K65)) | U65: =IF(OR((M65=""),(L65="")),"",(M65-L65)) | V65: =IF(OR((N65=""),(M65="")),"",(N65-M65)) | W65: =IF(OR((O65=""),(N65="")),"",(O65-N65)) | X65: =IF(OR((P65=""),(O65="")),"",(P65-O65)) | Y65: =IF(OR((P65=""),(K65="")),"",(P65-K65))
B66: 1234sq | C66: ED | D66: =IF((P66>0),"Decision",IF((O66>0),"Complete",IF((N66>0),"Interviewed",IF((M66>0),"Invite",IF((L66>0),"Review","Applied"))))) -> Invite | E66: =IFERROR(VLOOKUP($B66,Data!$B$9:$O$153,MATCH(E$2,Data!$B$9:$O$9,0),0),"") -> 0 | F66: =IFERROR(VLOOKUP($B66,Data!$B$9:$O$153,MATCH(F$2,Data!$B$9:$O$9,0),0),"") -> 3.92 | G66: =IFERROR(VLOOKUP($B66,Data!$B$9:$O$153,MATCH(G$2,Data!$B$9:$O$9,0),0),"") -> 720 | H66: =IFERROR(VLOOKUP($B66,Data!$B$9:$O$153,MATCH(H$2,Data!$B$9:$O$9,0),0),"") -> 0 | I66: =IFERROR(VLOOKUP($B66,Data!$B$9:$O$153,MATCH(I$2,Data!$B$9:$O$9,0),0),"") -> Consulting | J66: =IFERROR(VLOOKUP($B66,Data!$B$9:$O$153,MATCH(J$2,Data!$B$9:$O$9,0),0),"") -> Finance | M66: 40826 | R66: =IF((P66=""),"",IF((WEEKDAY(P66,2)=1),"Monday",IF((WEEKDAY(P66,2)=2),"Tuesday",IF((WEEKDAY(P66,2)=3),"Wednesday",IF((WEEKDAY(P66,2)=4),"Thursday",IF((WEEKDAY(P66,2)=5),"Friday","Weekend")))))) | T66: =IF(OR((L66=""),(K66="")),"",(L66-K66)) | U66: =IF(OR((M66=""),(L66="")),"",(M66-L66)) | V66: =IF(OR((N66=""),(M66="")),"",(N66-M66)) | W66: =IF(OR((O66=""),(N66="")),"",(O66-N66)) | X66: =IF(OR((P66=""),(O66="")),"",(P66-O66)) | Y66: =IF(OR((P66=""),(K66="")),"",(P66-K66))
B67: indianquant | C67: ED | D67: =IF((P67>0),"Decision",IF((O67>0),"Complete",IF((N67>0),"Interviewed",IF((M67>0),"Invite",IF((L67>0),"Review","Applied"))))) -> Invite | E67: =IFERROR(VLOOKUP($B67,Data!$B$9:$O$153,MATCH(E$2,Data!$B$9:$O$9,0),0),"") -> 29 | F67: =IFERROR(VLOOKUP($B67,Data!$B$9:$O$153,MATCH(F$2,Data!$B$9:$O$9,0),0),"") -> 2.2 | G67: =IFERROR(VLOOKUP($B67,Data!$B$9:$O$153,MATCH(G$2,Data!$B$9:$O$9,0),0),"") -> 750 | H67: =IFERROR(VLOOKUP($B67,Data!$B$9:$O$153,MATCH(H$2,Data!$B$9:$O$9,0),0),"") -> 7 | I67: =IFERROR(VLOOKUP($B67,Data!$B$9:$O$153,MATCH(I$2,Data!$B$9:$O$9,0),0),"") -> Mutual Funds and Brokerage | J67: =IFERROR(VLOOKUP($B67,Data!$B$9:$O$153,MATCH(J$2,Data!$B$9:$O$9,0),0),"") -> Finance | M67: 40792 | R67: =IF((P67=""),"",IF((WEEKDAY(P67,2)=1),"Monday",IF((WEEKDAY(P67,2)=2),"Tuesday",IF((WEEKDAY(P67,2)=3),"Wednesday",IF((WEEKDAY(P67,2)=4),"Thursday",IF((WEEKDAY(P67,2)=5),"Friday","Weekend")))))) | T67: =IF(OR((L67=""),(K67="")),"",(L67-K67)) | U67: =IF(OR((M67=""),(L67="")),"",(M67-L67)) | V67: =IF(OR((N67=""),(M67="")),"",(N67-M67)) | W67: =IF(OR((O67=""),(N67="")),"",(O67-N67)) | X67: =IF(OR((P67=""),(O67="")),"",(P67-O67)) | Y67: =IF(OR((P67=""),(K67="")),"",(P67-K67))
B68: ldnnyk | C68: ED | D68: =IF((P68>0),"Decision",IF((O68>0),"Complete",IF((N68>0),"Interviewed",IF((M68>0),"Invite",IF((L68>0),"Review","Applied"))))) -> Review | E68: =IFERROR(VLOOKUP($B68,Data!$B$9:$O$153,MATCH(E$2,Data!$B$9:$O$9,0),0),"") | F68: =IFERROR(VLOOKUP($B68,Data!$B$9:$O$153,MATCH(F$2,Data!$B$9:$O$9,0),0),"") | G68: =IFERROR(VLOOKUP($B68,Data!$B$9:$O$153,MATCH(G$2,Data!$B$9:$O$9,0),0),"") -> 710 | H68: =IFERROR(VLOOKUP($B68,Data!$B$9:$O$153,MATCH(H$2,Data!$B$9:$O$9,0),0),"") | I68: =IFERROR(VLOOKUP($B68,Data!$B$9:$O$153,MATCH(I$2,Data!$B$9:$O$9,0),0),"") | J68: =IFERROR(VLOOKUP($B68,Data!$B$9:$O$153,MATCH(J$2,Data!$B$9:$O$9,0),0),"") -> General Management | L68: 40780 | R68: =IF((P68=""),"",IF((WEEKDAY(P68,2)=1),"Monday",IF((WEEKDAY(P68,2)=2),"Tuesday",IF((WEEKDAY(P68,2)=3),"Wednesday",IF((WEEKDAY(P68,2)=4),"Thursday",IF((WEEKDAY(P68,2)=5),"Friday","Weekend")))))) | T68: =IF(OR((L68=""),(K68="")),"",(L68-K68)) | U68: =IF(OR((M68=""),(L68="")),"",(M68-L68)) | V68: =IF(OR((N68=""),(M68="")),"",(N68-M68)) | W68: =IF(OR((O68=""),(N68="")),"",(O68-N68)) | X68: =IF(OR((P68=""),(O68="")),"",(P68-O68)) | Y68: =IF(OR((P68=""),(K68="")),"",(P68-K68))
B69: MCE7 | C69: ED | D69: =IF((P69>0),"Decision",IF((O69>0),"Complete",IF((N69>0),"Interviewed",IF((M69>0),"Invite",IF((L69>0),"Review","Applied"))))) -> Review | E69: =IFERROR(VLOOKUP($B69,Data!$B$9:$O$153,MATCH(E$2,Data!$B$9:$O$9,0),0),"") -> 30 | F69: =IFERROR(VLOOKUP($B69,Data!$B$9:$O$153,MATCH(F$2,Data!$B$9:$O$9,0),0),"") -> 3.6 | G69: =IFERROR(VLOOKUP($B69,Data!$B$9:$O$153,MATCH(G$2,Data!$B$9:$O$9,0),0),"") -> 680 | H69: =IFERROR(VLOOKUP($B69,Data!$B$9:$O$153,MATCH(H$2,Data!$B$9:$O$9,0),0),"") -> 7 | I69: =IFERROR(VLOOKUP($B69,Data!$B$9:$O$153,MATCH(I$2,Data!$B$9:$O$9,0),0),"") -> Real Estate | J69: =IFERROR(VLOOKUP($B69,Data!$B$9:$O$153,MATCH(J$2,Data!$B$9:$O$9,0),0),"") -> Real Estate | L69: 40821 | R69: =IF((P69=""),"",IF((WEEKDAY(P69,2)=1),"Monday",IF((WEEKDAY(P69,2)=2),"Tuesday",IF((WEEKDAY(P69,2)=3),"Wednesday",IF((WEEKDAY(P69,2)=4),"Thursday",IF((WEEKDAY(P69,2)=5),"Friday","Weekend")))))) | T69: =IF(OR((L69=""),(K69="")),"",(L69-K69)) | U69: =IF(OR((M69=""),(L69="")),"",(M69-L69)) | V69: =IF(OR((N69=""),(M69="")),"",(N69-M69)) | W69: =IF(OR((O69=""),(N69="")),"",(O69-N69)) | X69: =IF(OR((P69=""),(O69="")),"",(P69-O69)) | Y69: =IF(OR((P69=""),(K69="")),"",(P69-K69))
B70: msbroker | C70: ED | D70: =IF((P70>0),"Decision",IF((O70>0),"Complete",IF((N70>0),"Interviewed",IF((M70>0),"Invite",IF((L70>0),"Review","Applied"))))) -> Decision | E70: =IFERROR(VLOOKUP($B70,Data!$B$9:$O$153,MATCH(E$2,Data!$B$9:$O$9,0),0),"") | F70: =IFERROR(VLOOKUP($B70,Data!$B$9:$O$153,MATCH(F$2,Data!$B$9:$O$9,0),0),"") | G70: =IFERROR(VLOOKUP($B70,Data!$B$9:$O$153,MATCH(G$2,Data!$B$9:$O$9,0),0),"") | H70: =IFERROR(VLOOKUP($B70,Data!$B$9:$O$153,MATCH(H$2,Data!$B$9:$O$9,0),0),"") | I70: =IFERROR(VLOOKUP($B70,Data!$B$9:$O$153,MATCH(I$2,Data!$B$9:$O$9,0),0),"") | J70: =IFERROR(VLOOKUP($B70,Data!$B$9:$O$153,MATCH(J$2,Data!$B$9:$O$9,0),0),"") | P70: 40847 | Q70: Reject w/o Interview | R70: =IF((P70=""),"",IF((WEEKDAY(P70,2)=1),"Monday",IF((WEEKDAY(P70,2)=2),"Tuesday",IF((WEEKDAY(P70,2)=3),"Wednesday",IF((WEEKDAY(P70,2)=4),"Thursday",IF((WEEKDAY(P70,2)=5),"Friday","Weekend")))))) -> Monday | S70: Y | T70: =IF(OR((L70=""),(K70="")),"",(L70-K70)) | U70: =IF(OR((M70=""),(L70="")),"",(M70-L70)) | V70: =IF(OR((N70=""),(M70="")),"",(N70-M70)) | W70: =IF(OR((O70=""),(N70="")),"",(O70-N70)) | X70: =IF(OR((P70=""),(O70="")),"",(P70-O70)) | Y70: =IF(OR((P70=""),(K70="")),"",(P70-K70))
B71: Simba99 | C71: ED | D71: =IF((P71>0),"Decision",IF((O71>0),"Complete",IF((N71>0),"Interviewed",IF((M71>0),"Invite",IF((L71>0),"Review","Applied"))))) -> Decision | E71: =IFERROR(VLOOKUP($B71,Data!$B$9:$O$153,MATCH(E$2,Data!$B$9:$O$9,0),0),"") | F71: =IFERROR(VLOOKUP($B71,Data!$B$9:$O$153,MATCH(F$2,Data!$B$9:$O$9,0),0),"") | G71: =IFERROR(VLOOKUP($B71,Data!$B$9:$O$153,MATCH(G$2,Data!$B$9:$O$9,0),0),"") | H71: =IFERROR(VLOOKUP($B71,Data!$B$9:$O$153,MATCH(H$2,Data!$B$9:$O$9,0),0),"") | I71: =IFERROR(VLOOKUP($B71,Data!$B$9:$O$153,MATCH(I$2,Data!$B$9:$O$9,0),0),"") | J71: =IFERROR(VLOOKUP($B71,Data!$B$9:$O$153,MATCH(J$2,Data!$B$9:$O$9,0),0),"") | M71: 40814 | P71: 40843 | Q71: Admit | R71: =IF((P71=""),"",IF((WEEKDAY(P71,2)=1),"Monday",IF((WEEKDAY(P71,2)=2),"Tuesday",IF((WEEKDAY(P71,2)=3),"Wednesday",IF((WEEKDAY(P71,2)=4),"Thursday",IF((WEEKDAY(P71,2)=5),"Friday","Weekend")))))) -> Thursday | T71: =IF(OR((L71=""),(K71="")),"",(L71-K71)) | U71: =IF(OR((M71=""),(L71="")),"",(M71-L71)) | V71: =IF(OR((N71=""),(M71="")),"",(N71-M71)) | W71: =IF(OR((O71=""),(N71="")),"",(O71-N71)) | X71: =IF(OR((P71=""),(O71="")),"",(P71-O71)) | Y71: =IF(OR((P71=""),(K71="")),"",(P71-K71))
B72: smira84 | C72: ED | D72: =IF((P72>0),"Decision",IF((O72>0),"Complete",IF((N72>0),"Interviewed",IF((M72>0),"Invite",IF((L72>0),"Review","Applied"))))) -> Invite | E72: =IFERROR(VLOOKUP($B72,Data!$B$9:$O$153,MATCH(E$2,Data!$B$9:$O$9,0),0),"") -> 27 | F72: =IFERROR(VLOOKUP($B72,Data!$B$9:$O$153,MATCH(F$2,Data!$B$9:$O$9,0),0),"") -> 3.32 | G72: =IFERROR(VLOOKUP($B72,Data!$B$9:$O$153,MATCH(G$2,Data!$B$9:$O$9,0),0),"") -> 760 | H72: =IFERROR(VLOOKUP($B72,Data!$B$9:$O$153,MATCH(H$2,Data!$B$9:$O$9,0),0),"") -> 6 | I72: =IFERROR(VLOOKUP($B72,Data!$B$9:$O$153,MATCH(I$2,Data!$B$9:$O$9,0),0),"") -> Investment Banking | J72: =IFERROR(VLOOKUP($B72,Data!$B$9:$O$153,MATCH(J$2,Data!$B$9:$O$9,0),0),"") -> Finance | M72: 40834 | R72: =IF((P72=""),"",IF((WEEKDAY(P72,2)=1),"Monday",IF((WEEKDAY(P72,2)=2),"Tuesday",IF((WEEKDAY(P72,2)=3),"Wednesday",IF((WEEKDAY(P72,2)=4),"Thursday",IF((WEEKDAY(P72,2)=5),"Friday","Weekend")))))) | T72: =IF(OR((L72=""),(K72="")),"",(L72-K72)) | U72: =IF(OR((M72=""),(L72="")),"",(M72-L72)) | V72: =IF(OR((N72=""),(M72="")),"",(N72-M72)) | W72: =IF(OR((O72=""),(N72="")),"",(O72-N72)) | X72: =IF(OR((P72=""),(O72="")),"",(P72-O72)) | Y72: =IF(OR((P72=""),(K72="")),"",(P72-K72))
B73: taffy97 | C73: ED | D73: =IF((P73>0),"Decision",IF((O73>0),"Complete",IF((N73>0),"Interviewed",IF((M73>0),"Invite",IF((L73>0),"Review","Applied"))))) -> Interviewed | E73: =IFERROR(VLOOKUP($B73,Data!$B$9:$O$153,MATCH(E$2,Data!$B$9:$O$9,0),0),"") | F73: =IFERROR(VLOOKUP($B73,Data!$B$9:$O$153,MATCH(F$2,Data!$B$9:$O$9,0),0),"") | G73: =IFERROR(VLOOKUP($B73,Data!$B$9:$O$153,MATCH(G$2,Data!$B$9:$O$9,0),0),"") | H73: =IFERROR(VLOOKUP($B73,Data!$B$9:$O$153,MATCH(H$2,Data!$B$9:$O$9,0),0),"") | I73: =IFERROR(VLOOKUP($B73,Data!$B$9:$O$153,MATCH(I$2,Data!$B$9:$O$9,0),0),"") | J73: =IFERROR(VLOOKUP($B73,Data!$B$9:$O$153,MATCH(J$2,Data!$B$9:$O$9,0),0),"") | N73: 40835 | R73: =IF((P73=""),"",IF((WEEKDAY(P73,2)=1),"Monday",IF((WEEKDAY(P73,2)=2),"Tuesday",IF((WEEKDAY(P73,2)=3),"Wednesday",IF((WEEKDAY(P73,2)=4),"Thursday",IF((WEEKDAY(P73,2)=5),"Friday","Weekend")))))) | T73: =IF(OR((L73=""),(K73="")),"",(L73-K73)) | U73: =IF(OR((M73=""),(L73="")),"",(M73-L73)) | V73: =IF(OR((N73=""),(M73="")),"",(N73-M73)) | W73: =IF(OR((O73=""),(N73="")),"",(O73-N73)) | X73: =IF(OR((P73=""),(O73="")),"",(P73-O73)) | Y73: =IF(OR((P73=""),(K73="")),"",(P73-K73))
B74: tangshim | C74: ED | D74: =IF((P74>0),"Decision",IF((O74>0),"Complete",IF((N74>0),"Interviewed",IF((M74>0),"Invite",IF((L74>0),"Review","Applied"))))) -> Invite | E74: =IFERROR(VLOOKUP($B74,Data!$B$9:$O$153,MATCH(E$2,Data!$B$9:$O$9,0),0),"") -> 0 | F74: =IFERROR(VLOOKUP($B74,Data!$B$9:$O$153,MATCH(F$2,Data!$B$9:$O$9,0),0),"") -> 0 | G74: =IFERROR(VLOOKUP($B74,Data!$B$9:$O$153,MATCH(G$2,Data!$B$9:$O$9,0),0),"") -> 0 | H74: =IFERROR(VLOOKUP($B74,Data!$B$9:$O$153,MATCH(H$2,Data!$B$9:$O$9,0),0),"") -> 0 | I74: =IFERROR(VLOOKUP($B74,Data!$B$9:$O$153,MATCH(I$2,Data!$B$9:$O$9,0),0),"") -> 0 | J74: =IFERROR(VLOOKUP($B74,Data!$B$9:$O$153,MATCH(J$2,Data!$B$9:$O$9,0),0),"") -> 0 | M74: 40806 | R74: =IF((P74=""),"",IF((WEEKDAY(P74,2)=1),"Monday",IF((WEEKDAY(P74,2)=2),"Tuesday",IF((WEEKDAY(P74,2)=3),"Wednesday",IF((WEEKDAY(P74,2)=4),"Thursday",IF((WEEKDAY(P74,2)=5),"Friday","Weekend")))))) | T74: =IF(OR((L74=""),(K74="")),"",(L74-K74)) | U74: =IF(OR((M74=""),(L74="")),"",(M74-L74)) | V74: =IF(OR((N74=""),(M74="")),"",(N74-M74)) | W74: =IF(OR((O74=""),(N74="")),"",(O74-N74)) | X74: =IF(OR((P74=""),(O74="")),"",(P74-O74)) | Y74: =IF(OR((P74=""),(K74="")),"",(P74-K74))
B75: thp510 | C75: ED | D75: =IF((P75>0),"Decision",IF((O75>0),"Complete",IF((N75>0),"Interviewed",IF((M75>0),"Invite",IF((L75>0),"Review","Applied"))))) -> Decision | E75: =IFERROR(VLOOKUP($B75,Data!$B$9:$O$153,MATCH(E$2,Data!$B$9:$O$9,0),0),"") | F75: =IFERROR(VLOOKUP($B75,Data!$B$9:$O$153,MATCH(F$2,Data!$B$9:$O$9,0),0),"") | G75: =IFERROR(VLOOKUP($B75,Data!$B$9:$O$153,MATCH(G$2,Data!$B$9:$O$9,0),0),"") | H75: =IFERROR(VLOOKUP($B75,Data!$B$9:$O$153,MATCH(H$2,Data!$B$9:$O$9,0),0),"") | I75: =IFERROR(VLOOKUP($B75,Data!$B$9:$O$153,MATCH(I$2,Data!$B$9:$O$9,0),0),"") | J75: =IFERROR(VLOOKUP($B75,Data!$B$9:$O$153,MATCH(J$2,Data!$B$9:$O$9,0),0),"") | P75: 40844 | Q75: Admit | R75: =IF((P75=""),"",IF((WEEKDAY(P75,2)=1),"Monday",IF((WEEKDAY(P75,2)=2),"Tuesday",IF((WEEKDAY(P75,2)=3),"Wednesday",IF((WEEKDAY(P75,2)=4),"Thursday",IF((WEEKDAY(P75,2)=5),"Friday","Weekend")))))) -> Friday | T75: =IF(OR((L75=""),(K75="")),"",(L75-K75)) | U75: =IF(OR((M75=""),(L75="")),"",(M75-L75)) | V75: =IF(OR((N75=""),(M75="")),"",(N75-M75)) | W75: =IF(OR((O75=""),(N75="")),"",(O75-N75)) | X75: =IF(OR((P75=""),(O75="")),"",(P75-O75)) | Y75: =IF(OR((P75=""),(K75="")),"",(P75-K75))

Sheet Basic Analysis
B2: Number of Observations | C2: =COUNTA('CBS ED 2012'!$B:$B)-1 -> 72
B4: Admit | C4: =COUNTIF('CBS ED 2012'!$Q:$Q,$B4) -> 17
B5: Deferred | C5: =COUNTIF('CBS ED 2012'!$Q:$Q,$B5) -> 2
B6: Reject w/ Interview | C6: =COUNTIF('CBS ED 2012'!$Q:$Q,$B6) -> 6
B7: Reject w/o Interview | C7: =COUNTIF('CBS ED 2012'!$Q:$Q,$B7) -> 7
B9: Call Date | C9: Monday | D9: Tuesday | E9: Wednesday | F9: Thursday | G9: Friday | H9: Weekend
B11: Admit | C11: =COUNTIFS('CBS ED 2012'!$Q:$Q,$B11,'CBS ED 2012'!$R:$R,C$9) -> 0 | D11: =COUNTIFS('CBS ED 2012'!$Q:$Q,$B11,'CBS ED 2012'!$R:$R,D$9) -> 6 | E11: =COUNTIFS('CBS ED 2012'!$Q:$Q,$B11,'CBS ED 2012'!$R:$R,E$9) -> 7 | F11: =COUNTIFS('CBS ED 2012'!$Q:$Q,$B11,'CBS ED 2012'!$R:$R,F$9) -> 2 | G11: =COUNTIFS('CBS ED 2012'!$Q:$Q,$B11,'CBS ED 2012'!$R:$R,G$9) -> 2 | H11: =COUNTIFS('CBS ED 2012'!$Q:$Q,$B11,'CBS ED 2012'!$R:$R,H$9) -> 0
B12: Deferred | C12: =COUNTIFS('CBS ED 2012'!$Q:$Q,$B12,'CBS ED 2012'!$R:$R,C$9) -> 1 | D12: =COUNTIFS('CBS ED 2012'!$Q:$Q,$B12,'CBS ED 2012'!$R:$R,D$9) -> 0 | E12: =COUNTIFS('CBS ED 2012'!$Q:$Q,$B12,'CBS ED 2012'!$R:$R,E$9) -> 0 | F12: =COUNTIFS('CBS ED 2012'!$Q:$Q,$B12,'CBS ED 2012'!$R:$R,F$9) -> 1 | G12: =COUNTIFS('CBS ED 2012'!$Q:$Q,$B12,'CBS ED 2012'!$R:$R,G$9) -> 0 | H12: =COUNTIFS('CBS ED 2012'!$Q:$Q,$B12,'CBS ED 2012'!$R:$R,H$9) -> 0
B13: Reject w/ Interview | C13: =COUNTIFS('CBS ED 2012'!$Q:$Q,$B13,'CBS ED 2012'!$R:$R,C$9) -> 4 | D13: =COUNTIFS('CBS ED 2012'!$Q:$Q,$B13,'CBS ED 2012'!$R:$R,D$9) -> 1 | E13: =COUNTIFS('CBS ED 2012'!$Q:$Q,$B13,'CBS ED 2012'!$R:$R,E$9) -> 0 | F13: =COUNTIFS('CBS ED 2012'!$Q:$Q,$B13,'CBS ED 2012'!$R:$R,F$9) -> 1 | G13: =COUNTIFS('CBS ED 2012'!$Q:$Q,$B13,'CBS ED 2012'!$R:$R,G$9) -> 0 | H13: =COUNTIFS('CBS ED 2012'!$Q:$Q,$B13,'CBS ED 2012'!$R:$R,H$9) -> 0
B14: Reject w/o Interview | C14: =COUNTIFS('CBS ED 2012'!$Q:$Q,$B14,'CBS ED 2012'!$R:$R,C$9) -> 6 | D14: =COUNTIFS('CBS ED 2012'!$Q:$Q,$B14,'CBS ED 2012'!$R:$R,D$9) -> 0 | E14: =COUNTIFS('CBS ED 2012'!$Q:$Q,$B14,'CBS ED 2012'!$R:$R,E$9) -> 1 | F14: =COUNTIFS('CBS ED 2012'!$Q:$Q,$B14,'CBS ED 2012'!$R:$R,F$9) -> 0 | G14: =COUNTIFS('CBS ED 2012'!$Q:$Q,$B14,'CBS ED 2012'!$R:$R,G$9) -> 0 | H14: =COUNTIFS('CBS ED 2012'!$Q:$Q,$B14,'CBS ED 2012'!$R:$R,H$9) -> 0
B16: Average Days | C16: Days from Submit to Review | D16: Days from Submit to Interview Invite | E16: Days from Interview Invite to Interview | F16: Days from Interview to Complete | G16: Days from Complete to Decision | H16: Days from Submit to Decision
B18: Admit | C18: {=AVERAGE(IF('CBS ED 2012'!$Q:$Q=$B18,'CBS ED 2012'!T:T))} -> 1.5714286 | D18: {=AVERAGE(IF('CBS ED 2012'!$Q:$Q=$B18,'CBS ED 2012'!U:U))} -> 7 | E18: {=AVERAGE(IF('CBS ED 2012'!$Q:$Q=$B18,'CBS ED 2012'!V:V))} -> 9.0714286 | F18: {=AVERAGE(IF('CBS ED 2012'!$Q:$Q=$B18,'CBS ED 2012'!W:W))} -> 4.3076923 | G18: {=AVERAGE(IF('CBS ED 2012'!$Q:$Q=$B18,'CBS ED 2012'!X:X))} -> 13.571429 | H18: {=AVERAGE(IF('CBS ED 2012'!$Q:$Q=$B18,'CBS ED 2012'!Y:Y))} -> 34.933333
B19: Deferred | C19: {=AVERAGE(IF('CBS ED 2012'!$Q:$Q=$B19,'CBS ED 2012'!T:T))} -> 9 | D19: {=AVERAGE(IF('CBS ED 2012'!$Q:$Q=$B19,'CBS ED 2012'!U:U))} -> 12.5 | E19: {=AVERAGE(IF('CBS ED 2012'!$Q:$Q=$B19,'CBS ED 2012'!V:V))} -> 7 | F19: {=AVERAGE(IF('CBS ED 2012'!$Q:$Q=$B19,'CBS ED 2012'!W:W))} -> 3 | G19: {=AVERAGE(IF('CBS ED 2012'!$Q:$Q=$B19,'CBS ED 2012'!X:X))} -> 34 | H19: {=AVERAGE(IF('CBS ED 2012'!$Q:$Q=$B19,'CBS ED 2012'!Y:Y))} -> 54.5
B20: Reject w/ Interview | C20: {=AVERAGE(IF('CBS ED 2012'!$Q:$Q=$B20,'CBS ED 2012'!T:T))} -> 3.8333333 | D20: {=AVERAGE(IF('CBS ED 2012'!$Q:$Q=$B20,'CBS ED 2012'!U:U))} -> 11 | E20: {=AVERAGE(IF('CBS ED 2012'!$Q:$Q=$B20,'CBS ED 2012'!V:V))} -> 11 | F20: {=AVERAGE(IF('CBS ED 2012'!$Q:$Q=$B20,'CBS ED 2012'!W:W))} -> 4.2 | G20: {=AVERAGE(IF('CBS ED 2012'!$Q:$Q=$B20,'CBS ED 2012'!X:X))} -> 11.6 | H20: {=AVERAGE(IF('CBS ED 2012'!$Q:$Q=$B20,'CBS ED 2012'!Y:Y))} -> 39.666667
B21: Reject w/o Interview | C21: {=AVERAGE(IF('CBS ED 2012'!$Q:$Q=$B21,'CBS ED 2012'!T:T))} -> 3 | H21: {=AVERAGE(IF('CBS ED 2012'!$Q:$Q=$B21,'CBS ED 2012'!Y:Y))} -> 29.166667
B23: Median Days | C23: Days from Submit to Review | D23: Days from Submit to Interview Invite | E23: Days from Interview Invite to Interview | F23: Days from Interview to Complete | G23: Days from Complete to Decision | H23: Days from Submit to Decision
B25: Admit | C25: {=MEDIAN(IF('CBS ED 2012'!$Q:$Q=$B25,'CBS ED 2012'!T:T))} -> 1 | D25: {=MEDIAN(IF('CBS ED 2012'!$Q:$Q=$B25,'CBS ED 2012'!U:U))} -> 5 | E25: {=MEDIAN(IF('CBS ED 2012'!$Q:$Q=$B25,'CBS ED 2012'!V:V))} -> 8 | F25: {=MEDIAN(IF('CBS ED 2012'!$Q:$Q=$B25,'CBS ED 2012'!W:W))} -> 3 | G25: {=MEDIAN(IF('CBS ED 2012'!$Q:$Q=$B25,'CBS ED 2012'!X:X))} -> 13.5 | H25: {=MEDIAN(IF('CBS ED 2012'!$Q:$Q=$B25,'CBS ED 2012'!Y:Y))} -> 33
B26: Deferred | C26: {=MEDIAN(IF('CBS ED 2012'!$Q:$Q=$B26,'CBS ED 2012'!T:T))} -> 9 | D26: {=MEDIAN(IF('CBS ED 2012'!$Q:$Q=$B26,'CBS ED 2012'!U:U))} -> 12.5 | E26: {=MEDIAN(IF('CBS ED 2012'!$Q:$Q=$B26,'CBS ED 2012'!V:V))} -> 7 | F26: {=MEDIAN(IF('CBS ED 2012'!$Q:$Q=$B26,'CBS ED 2012'!W:W))} -> 3 | G26: {=MEDIAN(IF('CBS ED 2012'!$Q:$Q=$B26,'CBS ED 2012'!X:X))} -> 34 | H26: {=MEDIAN(IF('CBS ED 2012'!$Q:$Q=$B26,'CBS ED 2012'!Y:Y))} -> 54.5
B27: Reject w/ Interview | C27: {=MEDIAN(IF('CBS ED 2012'!$Q:$Q=$B27,'CBS ED 2012'!T:T))} -> 1.5 | D27: {=MEDIAN(IF('CBS ED 2012'!$Q:$Q=$B27,'CBS ED 2012'!U:U))} -> 10.5 | E27: {=MEDIAN(IF('CBS ED 2012'!$Q:$Q=$B27,'CBS ED 2012'!V:V))} -> 10 | F27: {=MEDIAN(IF('CBS ED 2012'!$Q:$Q=$B27,'CBS ED 2012'!W:W))} -> 3 | G27: {=MEDIAN(IF('CBS ED 2012'!$Q:$Q=$B27,'CBS ED 2012'!X:X))} -> 14 | H27: {=MEDIAN(IF('CBS ED 2012'!$Q:$Q=$B27,'CBS ED 2012'!Y:Y))} -> 38.5
B28: Reject w/o Interview | C28: {=MEDIAN(IF('CBS ED 2012'!$Q:$Q=$B28,'CBS ED 2012'!T:T))} -> 3 | H28: {=MEDIAN(IF('CBS ED 2012'!$Q:$Q=$B28,'CBS ED 2012'!Y:Y))} -> 29.5

Sheet Data
B9: Username | C9: Round | D9: Status | E9: Country | F9: GMAT | G9: UG GPA | H9: UG Major | I9: Int | J9: Int Invite | K9: Age | L9: WE | M9: Primary Industry | N9: Primary Function | O9: MBA Concentration
B10: albertgates | C10: Regular Decision | D10: Applying | E10: United States | F10: 740 | G10: 3.9 | I10: N | K10: 26 | L10: 5 | M10: Consulting | N10: Consulting
B11: Merfolk17 | C11: Regular Decision | D11: Applying | F11: 660 | G11: 3.73 | H11: Business | I11: N | K11: 27 | L11: 4 | M11: Mutual Funds and Brokerage | N11: Research | O11: Finance
B12: A******** | C12: Regular Decision | H12: Engineering | I12: N
B13: T**** | C13: Merit Fellowship Consideration | D13: Applying | F13: 460 | G13: 3.47 | H13: Engineering | I13: N | L13: 9 | M13: Aerospace and Defense | N13: Manufacturing and Production | O13: Strategy
B14: s****** | C14: Early Decision | D14: Denied without Interview | H14: Engineering | I14: N | K14: 25 | L14: 3 | M14: Human Resources | N14: Consulting | O14: General Management
B15: T********* | C15: Early Decision | D15: Applying | E15: United States | F15: 710 | H15: Finance | I15: N | K15: 27 | L15: 0 | M15: Computer Software | N15: Corporate Finance | O15: Finance
B16: P** | C16: Early Decision | D16: Application Submitted | G16: 3.77 | H16: Business | I16: N | L16: 0 | M16: Consulting | O16: Entrepreneurship
B17: pearljam | C17: Regular Decision | D17: Application Submitted | E17: United States | F17: 760 | G17: 3.7 | H17: Economics | I17: N | L17: 5 | N17: Asset Management | O17: Economics
B18: Grumppee17 | C18: Early Decision | D18: Application Submitted | E18: United States | F18: 530 | H18: Other | I18: N | K18: 30 | L18: 5 | M18: Health Care | N18: General Management | O18: Entrepreneurship
B19: johnnymac | C19: Early Decision | D19: Applying | E19: United States | F19: 740 | G19: 3.36 | I19: N | K19: 27 | L19: 0
B20: Sidhant | C20: Regular Decision | D20: Applying | E20: India | F20: 760 | G20: 3.3 | H20: Liberal Arts and Humanities | I20: N | K20: 27 | L20: 5 | M20: Consulting | N20: Marketing | O20: Marketing
B21: serenityprayer | C21: Early Decision | D21: Applying | E21: United States | F21: 710 | H21: Business | I21: N | K21: 27 | L21: 7 | M21: Entertainment and Sports | N21: General Management | O21: Marketing
B22: dsg | C22: Regular Decision | D22: Applying | E22: United States | F22: 740 | G22: 3.51 | H22: Finance | I22: N | K22: 31 | L22: 7 | M22: Other | N22: Corporate Finance | O22: Finance
B23: hello212 | C23: Regular Decision | D23: Applying | E23: United States | F23: 760 | G23: 3.54 | H23: Science and Math | I23: N | K23: 26 | L23: 0 | M23: Consulting | N23: Consulting | O23: Finance
B24: chouky | C24: Early Decision | D24: Applying | F24: 690 | I24: N | L24: 0
B25: M*********** | C25: Early Decision | D25: Application Submitted | E25: United States | F25: 730 | H25: Business | I25: N | K25: 27 | L25: 4 | M25: Investment Banking | N25: Operations | O25: Strategy
B26: PaulAllen | C26: Early Decision | D26: Applying | F26: 760 | G26: 3.3 | H26: Finance | I26: N | O26: Finance
B27: b******* | C27: Early Decision | D27: Invited to Interview | F27: 750 | G27: 3.04 | H27: Liberal Arts and Humanities | I27: Y | J27: 40835 | K27: 27 | L27: 5 | M27: Consulting | N27: Consulting | O27: General Management
B28: EChopeful12 | C28: Early Decision | D28: Applying | E28: United States | F28: 700 | G28: 3.3 | H28: Economics | I28: N | K28: 26 | L28: 4 | M28: Consulting | N28: Consulting | O28: Finance
B29: method | C29: Merit Fellowship Consideration | D29: Applying | E29: United States | F29: 740 | G29: 3.22 | H29: Business | I29: N | K29: 31 | L29: 11 | M29: Manufacturing | N29: Information Technology | O29: Nonprofit
B30: anilwanted | C30: Regular Decision | D30: Applying | E30: United States | F30: 740 | G30: 3.48 | H30: Engineering | I30: N | K30: 31 | L30: 1 | M30: Computer Software | N30: Web Development | O30: Strategy
B31: johnnyGMAT2k10 | C31: Early Decision | D31: Application Submitted | F31: 690 | H31: Engineering | I31: N | K31: 28 | L31: 5 | M31: Telecommunications | N31: Engineering | O31: Finance
B32: diz | C32: Early Decision | D32: Applying | H32: Economics | I32: N | K32: 27 | L32: 4 | M32: Other | O32: Finance
B33: afelipeb | C33: Regular Decision | D33: Application Submitted | E33: Brazil | F33: 710 | H33: Engineering | I33: N | L33: 0 | M33: Consulting | N33: Consulting | O33: General Management
B34: Seaz | C34: Regular Decision | D34: Applying | E34: United States | G34: 3.66 | H34: Other | I34: N | K34: 30 | L34: 6 | M34: Other | N34: Design | O34: General Management
B35: drdorian | C35: Early Decision | D35: Application Submitted | E35: Russian Federation | F35: 660 | G35: 3.8 | H35: Economics | I35: N | K35: 26 | L35: 5 | M35: Accounting | N35: Accounting | O35: Finance
B36: tfincham86 | C36: Regular Decision | D36: Applying | E36: United States | F36: 730 | G36: 3.13 | H36: Marketing | I36: N | K36: 26 | L36: 4 | M36: Aerospace and Defense | N36: Corporate Finance | O36: Strategy
B37: MALD2011 | C37: Regular Decision | D37: Applying | E37: United States | G37: 3.3 | H37: Engineering | I37: N | K37: 28 | L37: 4 | M37: Energy and Utilities | N37: Engineering | O37: Social Entrepreneurship
B38: p******** | C38: Regular Decision | F38: 720 | G38: 3.5 | H38: Business | I38: N | K38: 27 | L38: 4 | M38: Investment Banking | N38: Real Estate | O38: Real Estate
B39: g************* | C39: Regular Decision | D39: Application Submitted | F39: 790 | G39: 3.71 | H39: Liberal Arts and Humanities | I39: N | O39: Finance
B40: Gumbymc | C40: Regular Decision | D40: Applying | E40: United States | F40: 720 | G40: 3.23 | H40: Economics | I40: N | K40: 27 | L40: 5 | M40: Other | O40: Entrepreneurship
B41: osonipse | C41: Early Decision | D41: Application Submitted | E41: Spain | F41: 750 | G41: 3.14 | H41: Law | I41: N | K41: 28 | L41: 6 | M41: Law | O41: Finance
B42: explicitus | C42: Regular Decision | D42: Applying | E42: United States | F42: 760 | G42: 3.63 | H42: Finance | I42: N | K42: 26 | L42: 4 | N42: Investment Banking
B43: c******* | C43: Early Decision | D43: Waitlisted with Interview | E43: United States | F43: 730 | H43: Engineering | I43: Y | J43: 40766 | K43: 29 | L43: 6 | M43: Telecommunications | N43: Consulting | O43: Strategy
B44: m****** | C44: Early Decision | D44: Application Submitted | E44: Turkey | F44: 710 | H44: Engineering | I44: N | K44: 25 | L44: 4
B45: hbsorcbs | C45: Regular Decision | D45: Applying | H45: Economics | I45: N
B46: d********** | C46: Regular Decision | F46: 760 | G46: 3.5 | H46: Arts | I46: N | K46: 30 | L46: 6 | M46: Entertainment and Sports | N46: Performing Arts | O46: International Business
B47: ermizrahi | C47: Early Decision | D47: Interviewed | E47: South Africa | F47: 730 | H47: Accounting | I47: Y | J47: 40821 | K47: 25 | L47: 0 | M47: Accounting | N47: Accounting | O47: Entrepreneurship
B48: adiman | C48: Early Decision | D48: Application Submitted | E48: United States | F48: 750 | G48: 3.4 | H48: Computer Science | I48: N | K48: 28 | L48: 4 | M48: Other | N48: Information Technology | O48: Strategy
B49: dr0xlunltd | C49: Regular Decision | D49: Applying | E49: United States | F49: 710 | G49: 3.3 | H49: Engineering | I49: N | K49: 27 | L49: 4 | M49: Real Estate | N49: Engineering | O49: Real Estate
B50: c** | C50: Early Decision | D50: Application Submitted | E50: Brazil | F50: 710 | G50: 3.56 | H50: Law | I50: N | K50: 25 | L50: 3 | M50: Law | N50: Consulting | O50: Strategy
B51: going4it2 | C51: Regular Decision | D51: Applying | H51: Other | I51: N | O51: Finance
B52: C******* | C52: Regular Decision | D52: Applying | E52: Taiwan, Province of China | F52: 710 | H52: Accounting | I52: N | K52: 29 | L52: 7 | M52: Computer Hardware | N52: Corporate Finance
B53: hrogers014 | C53: Early Decision | D53: Applying | E53: United States | F53: 710 | G53: 3.59 | H53: Accounting | I53: N | K53: 28 | L53: 5 | M53: Accounting | N53: Accounting
B54: E***** | C54: Early Decision | D54: Application Submitted | F54: 710 | H54: Engineering | I54: N | O54: General Management
B55: m********* | C55: Early Decision | D55: Admitted | F55: 720 | G55: 3.7 | H55: Engineering | I55: Y | J55: 40823 | K55: 26 | L55: 4 | M55: Energy and Utilities | N55: Consulting | O55: Strategy
B56: t****** | C56: Early Decision | D56: Application Submitted | E56: United States | F56: 730 | I56: N | K56: 29 | L56: 6 | O56: Finance
B57: Zarthul | C57: Merit Fellowship Consideration | D57: Applying | E57: United States | F57: 760 | G57: 3.54 | H57: Computer Science | I57: N | K57: 26 | L57: 4 | M57: Military & Defense | N57: Military Officer | O57: Leadership
B58: g**** | C58: Regular Decision | D58: Applying | H58: Engineering | I58: N | O58: General Management
B59: damysteryman385 | C59: Early Decision | D59: Applying | F59: 720 | G59: 3.36 | H59: Economics | I59: N
B60: p********* | C60: Early Decision | D60: Denied with Interview | F60: 740 | G60: 3.31 | I60: Y | J60: 40781 | K60: 31 | L60: 6 | M60: Journalism and Publishing | N60: Business Development | O60: Finance
B61: soonerliberty | C61: Regular Decision | D61: Application Submitted | E61: United States | F61: 710 | G61: 4 | H61: Liberal Arts and Humanities | I61: N | K61: 31 | L61: 3 | M61: Education | N61: Education | O61: General Management
B62: abe1 | C62: Regular Decision | D62: Applying | F62: 720 | I62: N | L62: 0
B63: k****** | C63: Regular Decision | D63: Application Submitted | E63: United States | F63: 710 | G63: 3.97 | H63: Engineering | I63: N | K63: 26 | L63: 4 | M63: Consulting | N63: Operations | O63: Strategy
B64: thehusain | C64: Early Decision | D64: Application Submitted | E64: India | F64: 700 | H64: Accounting | I64: N | K64: 31 | L64: 8 | M64: Venture Capital | N64: Asset Management | O64: Real Estate
B65: l*********** | C65: Early Decision | D65: Matriculating | H65: Finance | I65: Y | J65: 40770 | O65: General Management
B66: rgupta83 | C66: Early Decision | D66: Interviewed | E66: United States | F66: 710 | G66: 3 | H66: Computer Science | I66: Y | J66: 40821 | K66: 28 | L66: 6 | M66: Consulting | N66: Consulting | O66: Strategy
B67: indianquant | C67: Early Decision | D67: Invited to Interview | E67: India | F67: 750 | G67: 2.2 | H67: Engineering | I67: N | J67: 40792 | K67: 29 | L67: 7 | M67: Mutual Funds and Brokerage | N67: Asset Management | O67: Finance
B68: sharebear1028 | C68: Early Decision | D68: Applying | F68: 750 | H68: Science and Math | I68: N | K68: 27 | L68: 4 | M68: Health Care | N68: Research | O68: Healthcare
B69: r********* | C69: Regular Decision | D69: Applying | E69: United States | G69: 3.99 | H69: Accounting | I69: N | L69: 0 | O69: Finance
B70: pokojo | C70: Early Decision | D70: Application Submitted | F70: 680 | G70: 3.71 | H70: Accounting | I70: N | K70: 26 | L70: 4 | M70: Real Estate | N70: Asset Management | O70: Finance
B71: americanInAsia | C71: Early Decision | D71: Interviewed | E71: Hong Kong | F71: 680 | G71: 3.1 | H71: Engineering | I71: Y | J71: 40829 | K71: 26 | L71: 4 | M71: Investment Banking | N71: Asset Management | O71: Finance
B72: A********** | C72: Merit Fellowship Consideration | D72: Application Submitted | E72: United States | F72: 740 | G72: 3.27 | H72: Business | I72: N | K72: 28 | L72: 5 | M72: Health Care | N72: Information Technology | O72: Entrepreneurship
B73: kannyg | C73: Early Decision | D73: Applying | F73: 720 | G73: 3 | H73: Engineering | I73: N | K73: 29 | L73: 7 | M73: Transportation | N73: Supply Chain Management
B74: chynaxdawl | C74: Early Decision | D74: Interviewed | E74: United States | F74: 730 | G74: 3.69 | H74: Communication | I74: Y | J74: 40819 | K74: 28 | L74: 6 | M74: Hospitality and Tourism | N74: Marketing | O74: Marketing
B75: a************ | C75: Early Decision | D75: Application Submitted | I75: N | L75: 0 | O75: General Management
B76: G***** | C76: Early Decision | D76: Admitted | I76: Y | J76: 40771 | O76: Finance
B77: mgiuff01 | C77: Regular Decision | D77: Applying | E77: United States | F77: 710 | G77: 3.2 | H77: Accounting | I77: N | K77: 27 | L77: 6 | M77: Accounting | N77: Accounting | O77: General Management
B78: chessmaster | C78: Early Decision | D78: Applying | E78: India | F78: 710 | I78: N | L78: 0
B79: c******* | C79: Merit Fellowship Consideration | D79: Applying | E79: United States | F79: 750 | G79: 3.72 | H79: Science and Math | I79: N | K79: 27 | L79: 4 | M79: Health Care | N79: Corporate Finance | O79: Healthcare
B80: j** | C80: Early Decision | D80: Applying | F80: 770 | G80: 3.95 | H80: Business | I80: N | O80: Finance
B81: kethee | C81: Regular Decision | D81: Application Submitted | F81: 740 | G81: 3.5 | H81: Finance | I81: N | K81: 29 | L81: 8 | M81: Investment Banking | N81: Investment Banking | O81: Technology
B82: Gooze | C82: Regular Decision | D82: Applying | G82: 2.92 | H82: Economics | I82: N | K82: 29 | L82: 6 | M82: Mutual Funds and Brokerage | N82: Other | O82: Technology
B83: joecool | C83: Early Decision | D83: Applying | E83: India | F83: 690 | G83: 3.8 | H83: Engineering | I83: N | K83: 30 | L83: 8 | M83: Consulting | N83: Management Consulting | O83: General Management
B84: taaakun | C84: Early Decision | D84: Applying | E84: Hong Kong | F84: 760 | G84: 3.1 | H84: Engineering | I84: N | K84: 27 | L84: 4 | M84: Manufacturing | N84: Information Technology | O84: Strategy
B85: r**** | C85: Early Decision | D85: Applying | F85: 690 | G85: 3.09 | H85: Business | I85: N | O85: General Management
B86: a1choi | C86: Regular Decision | D86: Applying | E86: United States | F86: 700 | G86: 3.5 | H86: Science and Math | I86: N | K86: 27 | L86: 6 | M86: Internet and New Media | N86: Business Development | O86: Entrepreneurship
B87: reapplyN2011 | C87: Regular Decision | D87: Application Submitted | F87: 710 | G87: 3.64 | H87: Accounting | I87: N | K87: 28 | L87: 5 | M87: Accounting
B88: s************ | C88: Early Decision | D88: Interviewed | E88: United States | F88: 700 | G88: 3.4 | H88: Economics | I88: Y | J88: 40812 | K88: 27 | L88: 5 | M88: Mutual Funds and Brokerage | N88: Securities Sales and Trading | O88: Finance
B89: m********* | C89: Regular Decision | D89: Applying | E89: Canada | F89: 690 | G89: 3.3 | H89: Business | I89: N | K89: 26 | L89: 3 | M89: Telecommunications | N89: Marketing | O89: Finance
B90: F****** | C90: Early Decision | D90: Application Submitted | F90: 730 | I90: N
B91: awoo124 | C91: Early Decision | D91: Applying | F91: 710 | H91: Economics | I91: N | O91: Finance
B92: fbra | C92: Regular Decision | D92: Applying | F92: 720 | G92: 3.47 | H92: Economics | I92: N
B93: globalMBA | C93: Merit Fellowship Consideration | D93: Admitted | E93: Brazil | F93: 710 | G93: 3.3 | I93: Y | J93: 40757 | K93: 28 | L93: 6 | M93: Energy and Utilities
B94: prince49 | C94: Early Decision | D94: Denied without Interview | E94: United States | F94: 720 | G94: 3.46 | H94: Engineering | I94: N | K94: 29 | L94: 8 | M94: Computer Software | N94: Engineering | O94: Strategy
B95: Lemlem | C95: Regular Decision | D95: Applying | F95: 730 | I95: N
B96: P******** | C96: Regular Decision | D96: Applying | E96: United States | F96: 770 | G96: 3.75 | H96: Accounting | I96: N | K96: 27 | L96: 5 | M96: Non-Profit and Government | N96: Corporate Finance | O96: Strategy
B97: Bambala | C97: Early Decision | D97: Application Submitted | E97: United States | F97: 740 | G97: 3.7 | H97: Marketing | I97: N | K97: 26 | L97: 4 | M97: Investment Banking | N97: Operations | O97: Finance
B98: NoggieViking | C98: Early Decision | D98: Admitted | H98: Economics | I98: N | O98: International Business
B99: ldnnyk | C99: Early Decision | D99: Application Submitted | F99: 710 | I99: N | O99: General Management
B100: Golfer | C100: Early Decision | D100: Application Submitted | E100: India | F100: 680 | G100: 3.4 | H100: Economics | I100: N | K100: 25 | L100: 5 | M100: Law | N100: Management Consulting | O100: Strategy
B101: segfault | C101: Regular Decision | D101: Applying | E101: United States | F101: 720 | I101: N | K101: 29 | L101: 4 | M101: Computer Software | N101: Engineering
B102: wallstreetguy | C102: Regular Decision | D102: Applying | E102: India | F102: 730 | G102: 3.56 | H102: Business | I102: N | O102: Finance
B103: HumboldtGreen | C103: Early Decision | D103: Interviewed | E103: United States | F103: 760 | G103: 3.02 | H103: Engineering | I103: N | K103: 28 | L103: 6 | M103: Venture Capital | N103: Asset Management | O103: Finance
B104: MCE7 | C104: Early Decision | D104: Application Submitted | E104: United States | F104: 680 | G104: 3.6 | H104: Engineering | I104: N | K104: 30 | L104: 7 | M104: Real Estate | N104: Engineering | O104: Real Estate
B105: ciduo777 | C105: Early Decision | D105: Application Submitted | E105: United States | F105: 760 | G105: 3.5 | H105: Finance | I105: N | K105: 25 | L105: 4 | M105: Accounting | N105: Accounting | O105: Finance
B106: c*********** | C106: Regular Decision | D106: Applying | E106: Japan | H106: Accounting | I106: N | K106: 30 | L106: 10 | M106: Investment Banking | N106: Investment Banking | O106: Entrepreneurship
B107: p******* | C107: Early Decision | D107: Denied with Interview | E107: United States | F107: 710 | G107: 3.88 | H107: Finance | I107: Y | J107: 40763 | K107: 26 | L107: 4 | M107: Investment Banking | N107: Investment Banking
B108: benjmu | C108: Early Decision | D108: Applying | I108: N | L108: 0
...
